 Dungeon Crawl Stone Soup version 0.24-a0-789-g35933f4585 (webtiles) character file.

Game seed: 17290781873632180577, levelgen mode: deterministic

1030967 Ijustatesigmund the Slayer (level 27, -12/255 (258) HPs)
             Began as a Demigod Fighter on Oct 4, 2019.
             Killed from afar by a hellion (25 damage)
             ... with damnation
             ... summoned by Asmodeus
             ... on level 7 of Gehenna on Oct 10, 2019.
             The game lasted 06:16:50 (96572 turns).

Ijustatesigmund the Slayer (Demigod Fighter)       Turns: 96572, Time: 06:16:50

HP:   -12/255 (258) AC: 36    Str: 25 (26) XL:     27
MP:   45/45         EV: 24    Int: 17      God:
Gold: 9737          SH: 38    Dex: 18 (19) Spells: 24/50 levels left

rFire    + + .     SeeInvis +   c - +8 mithril axe "Arga" {speed, MR+}
rCold    + . .     Gourm    .   h - +10 large shield of Ignorance {rN+ Int-4}
rNeg     + + +     Faith    .   p - +8 fire dragon scales
rPois    +         Spirit   .   H - +2 hat
rElec    +         Reflect  +   r - +0 cloak of Dim Light {rCorr Int+3 Stlth+} (curse)
rCorr    +         Harm     .   C - +3 pair of gloves of Bov Jith {rElec rC+ Str+7 SInv}
MR       +++++                  v - +2 pair of boots
Stlth    ++++......             l - amulet of Balance {Reflect rElec rPois rN+ Dex+4 SH+4}
HPRegen  1.92/turn              E - ring "Tutoatit" {rElec Dex-4 Slay+6 SInv Stlth-}
MPRegen  0.29/turn              F - ring "Aqath" {rC+ rN+ Dex-4 Slay+2}

@: fire vulnerable, regenerating, hasted, very quick
A: antennae 1, beak, clumsy 2, deterioration 1, fire resistance 1, high mp 1,
magic resistance 2, regeneration 1, screaming 1, subdued magic 1, MP-powered
wands
}: 6/15 runes: barnacled, slimy, silver, golden, demonic, gossamer
a: no special abilities


You were on level 7 of Gehenna.
You were not hungry.

You visited 14 branches of the dungeon, and saw 68 of its levels.
You visited Pandemonium 1 time, and saw 7 of its levels.
You visited the Abyss 3 times.
You visited 1 bazaar.
You visited 2 ziggurats, and saw 23 of their levels (deepest: 12).
You also visited: Trove, Sewer and Wizlab.

You collected 13615 gold pieces.
You spent 3878 gold pieces at shops.

Inventory:

Hand Weapons
 c - the +8 mithril axe "Arga" (weapon) {speed, MR+}
   (You found it on level 8 of a ziggurat)

   Attacks with this weapon are significantly faster.
   It affects your resistance to hostile enchantments.
Armour
 a - the +6 plate armour "Tovej" {-Cast rC- Int+8 Slay+5}
   (You bought it in a shop in a bazaar)

   It affects your intelligence (+8).
   It affects your accuracy and damage with ranged weapons and melee attacks
   (+5).
   It makes you vulnerable to cold.
   It prevents spellcasting.
 h - the +10 large shield of Ignorance (worn) {rN+ Int-4}
   (You found it on level 1 of the Orcish Mines)

   It affects your intelligence (-4).
   It protects you from negative energy.
 p - +8 fire dragon scales (worn)
 r - the cursed +0 cloak of Dim Light (worn) {rCorr Int+3 Stlth+}
   (You bought it in a shop in a bazaar)

   It affects your intelligence (+3).
   It provides partial protection from all sources of acid and corrosion.
   It makes you more stealthy.
   It has a curse placed upon it.
 v - a +2 pair of boots (worn)
 C - the +3 pair of gloves of Bov Jith (worn) {rElec rC+ Str+7 SInv}
   (You bought it in a shop on level 1 of the Vaults)

   It affects your strength (+7).
   It protects you from cold.
   It insulates you from electricity.
   It lets you see invisible.
 H - a +2 hat (worn)
 L - a +3 buckler of protection
Jewellery
 d - the amulet "Teymn" {Inacc Fragile rN++ Dex+5}
   (You found it on level 3 of the Tomb of the Ancients)

   [amulet of inaccuracy]

   It reduces the accuracy of all your attacks.
   It affects your dexterity (+5).
   It greatly protects you from negative energy.
   It will be destroyed if unequipped.
 e - the ring "Luobofal" {rN+ MP+9}
   (You found it on level 3 of the Tomb of the Ancients)

   [ring of magical power]

   It protects you from negative energy.
   It affects your magic capacity (+9).
 k - the ring "Qikhick" {rPois rC+ Int-5 Dex+7}
   (You found it in a treasure trove)

   [ring of protection from cold]

   It affects your intelligence (-5).
   It affects your dexterity (+7).
   It protects you from cold.
   It protects you from poison.
 l - the amulet of Balance (around neck) {Reflect rElec rPois rN+ Dex+4 SH+4}
   (You found it on level 3 of the Tomb of the Ancients)

   [amulet of reflection]

   It shields you and reflects attacks.
   It affects your dexterity (+4).
   It insulates you from electricity.
   It protects you from poison.
   It protects you from negative energy.
   It affects your SH (+4).
 m - an uncursed amulet of harm
 o - the ring "Rotzomn" {AC+5 Str+3}
   (You found it in a treasure trove)

   [ring of protection]

   It affects your AC (+5).
   It affects your strength (+3).
 q - an uncursed ring of resist corrosion
 x - an uncursed ring of protection from magic
 y - an uncursed ring of protection from fire
 E - the ring "Tutoatit" (left hand) {rElec Dex-4 Slay+6 SInv Stlth-}
   (You found it on level 8 of a ziggurat)

   [ring of attention]

   It affects your dexterity (-4).
   It affects your accuracy and damage with ranged weapons and melee attacks
   (+6).
   It insulates you from electricity.
   It lets you see invisible.
   It makes you less stealthy.
 F - the ring "Aqath" (right hand) {rC+ rN+ Dex-4 Slay+2}
   (You found it on level 3 of the Crypt)

   [ring of positive energy]

   It affects your dexterity (-4).
   It affects your accuracy and damage with ranged weapons and melee attacks
   (+2).
   It protects you from cold.
   It protects you from negative energy.
 N - an uncursed ring of protection from fire
 R - the ring "Kioh Yso" {EV+3 Int+4}
   (You bought it in a shop on level 1 of the Orcish Mines)

   [ring of evasion]

   It affects your evasion (+3).
   It affects your intelligence (+4).
 S - the ring "Umaepigoa" {rN+ Int+3}
   (You found it on level 3 of the Crypt)

   [ring of positive energy]

   It affects your intelligence (+3).
   It protects you from negative energy.
 Z - the ring "Turaoh" {Wiz +Fly rN++ SInv Stlth-}
   (You found it on level 11 of a ziggurat)

   [ring of wizardry]

   It improves your spell success rate.
   It greatly protects you from negative energy.
   It lets you see invisible.
   It lets you fly.
   It makes you less stealthy.
Wands
 g - a wand of enslavement (22)
 i - a wand of random effects (4)
 A - a wand of acid (16)
 B - a wand of digging (4)
 J - a wand of scattershot (5)
 M - a wand of iceblast (17)
 O - a wand of flame (28)
 Q - a wand of clouds (4)
 U - a wand of disintegration (11)
Scrolls
 b - 7 scrolls of magic mapping
 s - a scroll of fog
 w - 7 scrolls of fear
 D - 39 scrolls of remove curse
 G - 3 scrolls of silence
 I - 7 scrolls of enchant weapon
 K - 13 scrolls of identify
 T - 2 scrolls of summoning
 W - 13 scrolls of amnesia
 X - 4 scrolls of immolation
Potions
 n - 13 potions of flight
 t - 4 potions of cancellation
 u - 5 potions of magic
 z - a potion of mutation
 V - 7 potions of brilliance
Miscellaneous
 P - 2 phantom mirrors
Comestibles
 f - 60 rations


   Skills:
 - Level 23.3 Fighting
 - Level 21.4 Axes
 - Level 21.1 Armour
 - Level 20.2 Dodging
 - Level 14.0 Stealth
 - Level 20.7 Shields
 - Level 12.2 Spellcasting
 * Level 7.6 Conjurations
 - Level 18.9 Charms
 * Level 7.6 Summonings
 - Level 11.2 Necromancy
 - Level 13.5 Translocations
 - Level 13.4 Air Magic
 + Level 8.0 Earth Magic
 - Level 17.0 Evocations


You had 24 spell levels left.
You knew the following spells:

 Your Spells              Type           Power        Failure   Level  Hunger
a - Apportation           Tloc           #####.       1%          1    None
b - Blink                 Tloc           N/A          1%          2    None
c - Lesser Beckoning      Tloc           #####.....   1%          3    None
d - Swiftness             Chrm/Air       ######..     1%          2    None
e - Song of Slaying       Chrm           ######..     0%          2    None
f - Regeneration          Chrm/Necr      #####.....   1%          3    None
g - Iron Shot             Conj/Erth      ####......   73%         6    ######.
h - Spellforged Servitor  Conj/Summ      ####......   100%        7    #######

Your spell library contained the following spells:

 Spells                   Type           Power        Failure   Level  Hunger
 Infusion                 Chrm           ####         0%          1    None
 Animate Skeleton         Necr           N/A          1%          1    None
 Magic Dart               Conj           ####         1%          1    None
 Pain                     Necr           ####         1%          1    None
 Sandblast                Erth           ####..       1%          1    None
 Shock                    Conj/Air       ####         1%          1    None
 Summon Butterflies       Summ           ####....     1%          1    None
 Summon Small Mammal      Summ           ####         1%          1    None
 Call Imp                 Summ           ####....     1%          2    None
 Corpse Rot               Necr           N/A          1%          2    None
 Poisonous Vapours        Pois/Air       ####..       1%          2    None
 Searing Ray              Conj           ####..       1%          2    None
 Shroud of Golubria       Chrm/Tloc      ######       1%          2    None
 Sublimation of Blood     Necr           #####.....   1%          2    None
 Call Canine Familiar     Summ           ####....     1%          3    None
 Gell's Gravitas          Tloc           #####.....   1%          3    None
 Ozocubu's Armour         Chrm/Ice       ####....     1%          3    None
 Recall                   Summ/Tloc      N/A          1%          3    None
 Spectral Weapon          Hex/Chrm       ####....     1%          3    None
 Static Discharge         Conj/Air       #####...     1%          3    None
 Stone Arrow              Conj/Erth      ####..       1%          3    None
 Teleport Other           Tloc           #####...     1%          3    None
 Vampiric Draining        Necr           #####.....   1%          3    None
 Airstrike                Air            #####.....   1%          4    ##.....
 Animate Dead             Necr           N/A          1%          4    ##.....
 Force Lance              Conj/Tloc      #####...     1%          4    ##.....
 Passage of Golubria      Tloc           N/A          1%          4    ##.....
 Summon Lightning Spire   Summ/Air       #####...     1%          4    ##.....
 Iskenderun's Battlesphe  Conj/Chrm      #####...     1%          5    ####...
 Mephitic Cloud           Conj/Pois/Air  ####....     2%          3    None
 Flame Tongue             Conj/Fire      ###..        3%          1    None
 Sting                    Conj/Pois      ###.         3%          1    None
 Portal Projectile        Hex/Tloc       ####..       3%          3    None
 Deflect Missiles         Chrm/Air       ######....   3%          6    ######.
 Passwall                 Tmut/Erth      ###.....     4%          2    None
 Throw Flame              Conj/Fire      ###...       5%          2    None
 Throw Frost              Conj/Ice       ###...       5%          2    None
 Lightning Bolt           Conj/Air       #####.....   6%          5    ####...
 Summon Forest            Summ/Tloc      #####.....   6%          5    ####...
 Iskenderun's Mystic Bla  Conj           ####....     7%          4    ##.....
 Borgnjor's Vile Clutch   Necr/Erth      ####......   9%          5    ####...
 Bolt of Draining         Conj/Necr      ####......   10%         5    ####...
 Conjure Flame            Conj/Fire      ###.....     11%         3    None
 Dazzling Spray           Conj/Hex       ###...       11%         3    None
 Summon Guardian Golem    Hex/Summ       ###.....     11%         3    None
 Beastly Appendage        Tmut           #.....       19%         1    None
 Confusing Touch          Hex            #.....       19%         1    None
 Corona                   Hex            #......      19%         1    None
 Freeze                   Ice            #...         19%         1    None
 Lee's Rapid Deconstruct  Erth           ####......   19%         5    ####...
 Ensorcelled Hibernation  Hex/Ice        #.....       28%         2    None
 Slow                     Hex            #.......     28%         2    None
 Sticks to Snakes         Tmut           #.......     28%         2    None
 Death Channel            Necr           #####.....   28%         6    ######.
 Leda's Liquefaction      Hex/Erth       ###.......   32%         4    ##.....
 Petrify                  Tmut/Erth      ###.....     32%         4    ##.....
 Silence                  Hex/Air        ####......   32%         5    ####...
 Conjure Ball Lightning   Conj/Air       #####.....   34%         6    ######.
 Fulminant Prism          Conj/Hex       ###.......   36%         4    ##.....
 Sticky Flame             Conj/Fire      ###.....     36%         4    ##.....
 Summon Ice Beast         Ice/Summ       ###.....     36%         4    ##.....
 Throw Icicle             Conj/Ice       ###.....     36%         4    ##.....
 Confuse                  Hex            #.......     50%         3    None
 Ignite Poison            Fire/Tmut/Pois #.......     50%         3    None
 Inner Flame              Hex/Fire       #.......     50%         3    None
 Spider Form              Tmut/Pois      #.........   50%         3    None
 Tukima's Dance           Hex            #.......     50%         3    None
 Bolt of Magma            Conj/Fire/Erth ###.......   52%         5    ####...
 Fireball                 Conj/Fire      ###.......   73%         5    ####...
 Irradiate                Conj/Tmut      ###.......   73%         5    ####...
 Venom Bolt               Conj/Pois      ###.......   73%         5    ####...
 Shadow Creatures         Summ           N/A          77%         6    ######.
 Freezing Cloud           Conj/Ice/Air   ####......   85%         6    ######.
 Cause Fear               Hex            #.........   89%         4    ##.....
 Ice Form                 Ice/Tmut       #.......     89%         4    ##.....
 Olgreb's Toxic Radiance  Pois           #.......     89%         4    ##.....
 Malign Gateway           Summ/Tloc      #####.....   91%         7    #######
 Simulacrum               Ice/Necr       ###.......   96%         6    ######.
 Ring of Flames           Chrm/Fire      ####......   98%         7    #######
 Alistair's Intoxication  Tmut/Pois      #.......     99%         5    ####...
 Blade Hands              Tmut           #.........   99%         5    ####...
 Metabolic Englaciation   Hex/Ice        #.........   99%         5    ####...
 Yara's Violent Unravell  Hex/Tmut       #.........   99%         5    ####...
 Bolt of Cold             Conj/Ice       ###.......   99%         6    ######.
 Bolt of Fire             Conj/Fire      ###.......   99%         6    ######.
 Poison Arrow             Conj/Pois      ###.......   99%         6    ######.
 Statue Form              Tmut/Erth      ###......    99%         6    ######.
 Darkness                 Hex            #.........   100%        6    ######.
 Hydra Form               Tmut           #.........   100%        6    ######.
 Invisibility             Hex            #.......     100%        6    ######.
 Ozocubu's Refrigeration  Ice            #.........   100%        6    ######.
 Dragon Form              Tmut           #.........   100%        7    #######
 Monstrous Menagerie      Summ           ####......   100%        7    #######
 Summon Greater Demon     Summ           ####......   100%        7    #######
 Summon Hydra             Summ           ####......   100%        7    #######
 Chain Lightning          Conj/Air       #####.....   100%        8    #######
 Discord                  Hex            #.........   100%        8    #######
 Ignition                 Fire           #.........   100%        8    #######
 Lehudib's Crystal Spear  Conj/Erth      ####......   100%        8    #######
 Summon Horrible Things   Summ           ####......   100%        8    #######
 Dragon's Call            Summ           ####......   100%        9    #######
 Fire Storm               Conj/Fire      ###.......   100%        9    #######
 Glaciate                 Conj/Ice       ###.......   100%        9    #######
 Shatter                  Erth           ####......   100%        9    #######
 Tornado                  Air            #####.....   100%        9    #######


Dungeon Overview and Level Annotations

Branches:
Dungeon (15/15)            Temple (0/1) D:7            Lair (6/6) D:10
 Shoals (4/4) Lair:4       Spider (4/4) Lair:3        Slime (5/5) Lair:5
    Orc (2/2) D:12            Elf (3/3) Orc:2        Vaults (5/5) D:13
  Crypt (3/3) Vaults:3       Tomb (3/3) Crypt:3      Depths (5/5) D:15
   Hell (visited)             Dis (0/7) Hell            Geh (7/7) Hell
    Coc (0/7) Hell            Tar (0/7) Hell            Zot (5/5) Depths:5
  Sewer (visited)          WizLab (visited)

Shops:
D:4 ?   D:6 *   D:15 }   Orc:1 =   Orc:2 =*:*%   Elf:2 (%   Elf:3 *
Shoals:3 =   Vaults:1 [   Vaults:4 *

Portals:
Hell: Depths:1 Depths:2 Depths:3 Depths:4 Depths:5
Abyss: Depths:4 Depths:5
Pandemonium: Depths:1 Depths:3

Annotations:
D:10 2 transporters, Linguinho's ghost, journeyman GrFi
D:11 exclusion: ice statue
Shoals:3 Ilsuiw; Mara
Orc:1 1 runed translucent door, exclusion: 4 orange crystal statues
Geh:7 Asmodeus


Innate Abilities, Weirdness & Mutations

You have an increased reservoir of magic. (+10% MP)
You have a pair of small antennae on your head.
You have a beak for a mouth.
You are very clumsy. (Dex -4)
Your body sometimes deteriorates upon taking damage.
Your flesh is heat resistant. (rF+)
You are highly resistant to hostile enchantments. (MR++)
Your natural rate of healing is unusually fast.
You occasionally shout uncontrollably at your foes.
Your spells are a little easier to cast, but a little less powerful.
You expend magic power (3 MP) to strengthen your wands.


Message History

The sphere of damnation explodes!
The damnation engulfs you!
* * * LOW HITPOINT WARNING * * *
The damnation engulfs Asmodeus.
Asmodeus completely resists.
The hellion gestures at you.
The sphere of damnation explodes!
The damnation engulfs you!!!
* * * LOW HITPOINT WARNING * * *
The damnation engulfs Asmodeus.
Asmodeus completely resists.
You hit Asmodeus but do no damage. You peck Asmodeus, but do no damage.
Asmodeus is moderately wounded.
You are engulfed in blazing flames.
You resist.
* * * LOW HITPOINT WARNING * * *
You block Asmodeus's attack.
Okay, then.
Okay, then.
You slash Asmodeus! You peck Asmodeus, but do no damage.
Asmodeus is moderately wounded.
You are engulfed in blazing flames.
You resist. The hellion gestures at you.
The sphere of damnation explodes!
The damnation engulfs you!!
You die...

§§§≈≈≈≈≈§§§.....§§§§§§≈≈≈≈...§...
§≈≈≈§≈≈≈..§....§.§..≈≈§≈≈≈§≈§§§..
≈≈§§§≈≈≈§##########.≈≈≈≈§§§§≈§≈..
≈≈§§§≈≈..#**#######...§§≈§≈≈≈§≈..
≈≈§§≈≈§..#*,,....##...§§§§§≈§≈≈≈.
≈≈≈≈§§...#*,,,2.2##...§§≈≈≈≈≈≈≈≈.
§≈≈≈§≈§..#*,,,,33##...≈≈§§≈≈§≈§§≈
≈≈≈≈≈...##*****#&####§§≈≈§≈≈≈§≈§§
§§≈≈....########@####..≈≈≈≈≈≈≈≈≈≈
≈§...§..##.........##....§≈≈≈≈≈≈≈
.......###.........##....§.≈≈≈§≈§
.......##..........##........≈≈≈≈
#########'##############.....§≈≈≈
#......#..'............#.≈≈...≈≈≈
#......#.#############'#.≈§≈...≈≈
#......#.#.............#..≈≈....≈
#......).#..)..........#.........


You could see Asmodeus, 2 sun demons and 2 hellions.

Vanquished Creatures
  the Royal Jelly (Slime:5)
  A seraph (Pan)
  4 orbs of fire
  Mennas (Crypt:1)
  Khufu (Crypt:2)
  16 ancient liches
  3 juggernauts
  21 greater mummies
  6 pandemonium lords
  A shard shrike (Zig:11)
  4 Killer Klowns
  Margery (Vaults:4)
  3 curse toes
  Xtahua (Crypt:1)
  4 caustic shrikes (Depths:4)
  Nikola (Vaults:3)
  Geryon (Hell)
  13 golden dragons
  3 profane servitors
  10 bone dragons
  12 Brimstone Fiends
  Arachne (Spider:2)
  A Tzitzimitl (Pan)
  19 liches
  4 electric golems
  17 tentacled monstrosities
  An Ice Fiend (Pan)
  Jorgrun (Elf:2)
  6 Hell Sentinels (Pan)
  9 quicksilver dragons
  25 Orb Guardians (Zot:5)
  5 titans
  A deep elf blademaster (Elf:3)
  11 death cobs
  A deep elf master archer (Elf:3)
  16 acid blobs
  An eldritch tentacle (Geh:7)
  10 ancient champions
  3 Executioners (Pan)
  A thorn hunter (Zig:10)
  13 tentacled starspawn
  A kraken (Shoals:4)
  14 sphinxes
  Kirke (Spider:2)
  Agnes (Elf:2)
  9 shadow dragons
  16 storm dragons
  8 tengu reavers
  Donald (Shoals:2)
  6 draconian monks
  13 azure jellies
  3 nagarajas (Zig:10)
  9 revenants
  16 daevas
  14 deep elf sorcerers
  13 draconian scorchers
  8 ghost moths
  2 juggernaut zombies (Zig:11)
  3 corrupters (Pan)
  9 fire giants
  11 frost giants
  4 draconian knights
  7 emperor scorpions
  2 orc warlords
  2 warmongers (Pan)
  24 vault wardens
  16 cacodemons (Pan)
  4 iron dragons
  15 balrugs
  11 draconian annihilators
  A curse skull (Zig:8)
  27 angels
  4 deep elf elementalists
  10 ghouls
  4 draconian stormcallers
  23 very ugly things
  7 reapers
  25 ironheart preservers
  11 draconian shifters
  3 spriggan defenders
  17 stone giants
  15 ophanim (Pan)
  5 entropy weavers
  9 blood saints
  6 vampire knights
  7 green draconians
  2 war gargoyles (Vaults:5)
  21 purple draconians
  5 black suns (Pan)
  4 bennus
  7 deep elf demonologists
  14 red draconians
  9 lorocyprocas
  17 black draconians
  15 apis (Pan)
  9 spark wasps
  18 white draconians
  15 yellow draconians
  12 deep elf annihilators
  5 merfolk javelineers
  3 eidola
  13 ettins
  12 merfolk impalers
  11 green deaths
  9 statues (WizLab)
  10 deep elf death magi
  4 crystal guardians (Elf:3)
  10 death oozes
  3 quicksilver dragon zombies
  11 blizzard demons
  13 mummy priests
  8 deep elf high priests
  14 yaktaur captains
  Josephine (Lair:6)
  19 ogre magi
  11 fire dragons
  17 jiangshi
  15 great orbs of eyes
  11 rakshasas
  38 vault guards
  4 spriggan air magi
  A monstrous demonspawn (Pan)
  2 shambling mangroves (Zig:10)
  3 quicksilver dragon skeletons
  13 hydras
  A naga warrior (Abyss:4)
  2 ghost crabs (Zig:10)
  6 centaur warriors
  20 ice dragons
  A merfolk avatar (Shoals:4)
  44 two-headed ogres
  4 merfolk aquamancers
  5 death knights
  28 dancing weapons
  3 catoblepae
  A two-headed ogre (shapeshifter) (Zig:8)
  An alligator snapping turtle (Shoals:4)
  4 deep troll shamans
  116 death scarabs
  8 tengu warriors
  33 hell hogs
  9 vampire magi
  10 deep troll earth magi
  5 titan zombies
  5 orc high priests
  Urug (Orc:2)
  20 sun demons
  34 thrashing horrors
  6 death yaks
  2 spriggan berserkers
  7 soul eaters
  2 storm dragon zombies
  2 shock serpents (Zig:7)
  A titan skeleton (Geh:1)
  8 shadow wraiths
  34 deep elf knights
  37 hell knights
  37 small abominations
  3 iron trolls
  2 fire crabs (Abyss:4)
  A golden dragon zombie (Crypt:3)
  A salamander mystic (Depths:5)
  14 wretched stars
  8 sixfirhies
  13 cherubim (Pan)
  2 glowing orange brains (shapeshifter)
  25 skeletal warriors
  7 spatial maelstroms
  2 kraken simulacra
  A quicksilver dragon simulacrum (Crypt:1)
  25 sea snakes
  A death drake (shapeshifter) (Zig:8)
  A death drake (Abyss:4)
  An entropy weaver zombie (Vaults:2)
  3 gelid demonspawn (Pan)
  A torturous demonspawn (Pan)
  4 anaconda zombies
  4 unseen horrors
  11 glowing orange brains
  An unseen horror (shapeshifter) (Vaults:5)
  A shadow dragon zombie (Geh:1)
  17 deep elf archers
  A swamp dragon (Abyss:4)
  21 flayed ghosts
  16 phantasmal warriors
  2 storm dragon skeletons
  A lindwurm (shapeshifter) (Zig:8)
  5 wizards
  5 anaconda skeletons
  9 shadow demons
  4 golden dragon skeletons
  40 large abominations
  6 infernal demonspawn (Pan)
  17 orc knights
  24 deep trolls
  A sphinx zombie (Crypt:1)
  18 ironbrand convokers
  16 necromancers
  4 lindwurms (Lair:6)
  3 wolf spider zombies
  18 harpies
  25 orb spiders
  34 ugly things
  A wolf spider (shapeshifter) (Depths:2)
  2 stone giant zombies
  2 frost giant zombies
  10 cyclopes
  An oklob plant (Lair:5)
  4 fire giant zombies
  40 wolf spiders
  10 fauns
  7 orc sorcerers
  90 deep elf magi
  20 manticores
  25 moths of wrath
  9 shining eyes
  3 salamanders
  A moth of wrath (shapeshifter) (Zig:8)
  6 worldbinders
  7 frost giant skeletons
  5 elephants (Lair:5)
  4 iron dragon skeletons
  4 fire giant skeletons
  3 water nymphs
  6 merfolk sirens
  4 apocalypse crabs (Abyss:4)
  A black mamba (shapeshifter) (Vaults:3)
  3 black mambas
  12 vault sentinels
  2 ice statues (Hell)
  8 stone giant skeletons
  3 guardian serpents
  2 shock serpent zombies
  2 dire elephant zombies
  34 smoke demons
  8 rust devils
  18 molten gargoyles
  A shock serpent skeleton (Hell)
  A green draconian zombie (Crypt:2)
  A naga mage (Zig:10)
  5 torpor snails
  2 gargoyles (D:14)
  5 emperor scorpion zombies
  23 spiny frogs
  4 efreet
  8 eyes of devastation
  2 dire elephant skeletons
  A minotaur zombie (Geh:7)
  2 rime drakes (shapeshifter)
  An elf zombie (Zig:11)
  9 orange demons
  A catoblepas zombie (Geh:3)
  23 demonic crawlers
  41 yaktaurs
  21 hellions
  2 yaktaur zombies
  5 rime drakes
  A swamp worm zombie (Crypt:2)
  16 freezing wraiths
  5 komodo dragons
  8 tengu conjurers
  7 ice devils
  25 tormentors
  3 human skeletons
  68 starcursed masses
  45 guardian mummies
  2 hydra zombies (Geh:7)
  8 hellwings
  A yellow draconian skeleton (Crypt:2)
  17 ancient zymes
  3 polar bears
  27 red devils
  A meliai (shapeshifter) (Vaults:4)
  29 merfolk
  A meliai (Zig:11)
  38 jumping spiders
  A polar bear (shapeshifter) (Depths:2)
  A wolf spider simulacrum (Crypt:1)
  10 trolls
  An alligator zombie (Hell)
  6 wind drakes
  21 blink frogs
  3 hydra skeletons
  5 tyrant leeches (Lair:6)
  4 ettin zombies
  14 hornets
  7 bog bodies
  A hornet (shapeshifter) (Depths:2)
  A stone giant simulacrum (Vaults:4)
  37 raiju
  2 dream sheep (shapeshifter)
  12 dream sheep
  An iron dragon simulacrum (Abyss:4)
  80 slime creatures
  5 snapping turtles
  2 slime creatures (shapeshifter)
  5 air elementals
  2 fire dragon zombies
  15 hippogriffs
  An ice dragon zombie (Geh:2)
  82 flying skulls
  An ice dragon skeleton (Geh:7)
  A spriggan (Depths:5)
  3 alligator skeletons
  35 wraiths
  75 redbacks
  13 shadows
  30 tarantellas
  A fire dragon skeleton (Crypt:3)
  Sigmund (D:4)
  26 water elementals
  3 basilisks (Lair:4)
  A vampire (Abyss:4)
  24 fire elementals
  A redback (shapeshifter) (Zig:1)
  2 yaks (shapeshifter)
  2 humans (shapeshifter)
  7 wyverns
  19 ynoxinuls
  18 neqoxecs
  2 hungry ghosts
  A tarantella (shapeshifter) (Vaults:1)
  7 ushabtiu
  17 golden eyes
  17 chaos spawn
  26 yaks
  11 vampire mosquitoes
  An elf skeleton (Zig:11)
  2 swamp worms (shapeshifter)
  A two-headed ogre zombie (Crypt:1)
  8 wargs
  6 spatial vortices
  10 insubstantial wisps
  A monstrous demonspawn zombie (Crypt:1)
  3 nagas (Abyss:4)
  A soldier ant (shapeshifter) (Vaults:3)
  A spiny frog zombie (Crypt:1)
  5 acid dragons
  9 hell hounds
  8 porcupines
  32 orc warriors
  Duvessa (D:5)
  A swamp drake (Zig:5)
  13 water moccasins
  A black bear (D:9)
  An ice beast (shapeshifter) (Abyss:4)
  5 ice beasts
  A snapping turtle zombie (Hell)
  4 spiny frog skeletons
  A lindwurm zombie (Crypt:2)
  14 necrophages
  2 swamp dragon zombies (Geh:7)
  2 fire dragon simulacra
  A merfolk skeleton (Geh:4)
  An elf simulacrum (Depths:1)
  A manticore zombie (Crypt:1)
  11 eyes of draining
  6 human zombies
  6 sky beasts
  33 ogres
  4 wolves (Lair:1)
  19 centaurs
  A snapping turtle skeleton (Geh:7)
  A swamp dragon skeleton (Crypt:1)
  16 crocodiles
  8 big kobolds
  28 bullfrogs
  A deep troll simulacrum (Vaults:5)
  3 earth elementals
  A komodo dragon skeleton (Crypt:1)
  Dowan (D:5)
  2 gnoll sergeants
  A wyvern skeleton (D:11)
  A wyvern zombie (Crypt:1)
  A water moccasin zombie (Crypt:2)
  5 scorpions
  4 killer bees
  4 human simulacra
  A spriggan skeleton (Crypt:1)
  38 wights
  5 howler monkeys
  5 electric eels
  A lava snake (Elf:3)
  6 centaur zombies
  17 crimson imps
  4 quasits
  5 bullfrog zombies
  3 bullfrog skeletons
  10 centaur skeletons
  10 hounds
  26 orc priests
  A gnoll shaman (D:7)
  An iron imp (Hell)
  4 jellies
  28 orc wizards
  11 worker ants
  Ijyb (D:3)
  An iguana (D:13)
  A porcupine zombie (Crypt:1)
  9 hell rats
  A naga skeleton (Geh:2)
  3 hound skeletons
  32 mummies
  A worker ant zombie (D:7)
  20 gnolls
  2 howler monkey skeletons
  26 adders
  10 river rats
  3 shadow imps
  9 white imps
  4 ufetubi (Abyss:4)
  3 adder zombies
  2 adder skeletons
  6 worms
  A dart slug (D:1)
  5 leopard geckos
  73 orcs
  4 ball pythons (Sewer)
  4 giant cockroaches
  6 goblins
  6 hobgoblins
  4 jackals
  4 quokkas
  A river rat zombie (Crypt:1)
  6 bats
  7 frilled lizards
  A jackal zombie (Crypt:2)
  34 kobolds
  A quokka zombie (D:8)
  32 rats
  A fire vortex (Lair:3)
  6 fungi
  16 plants
  12 starspawn tentacles (Abyss:4)
  4 tentacles (Shoals:4)
4311 creatures vanquished.

Vanquished Creatures (collateral kills)
  2 cyclopes (Shoals:3)
  A water nymph (Shoals:3)
3 creatures vanquished.

Vanquished Creatures (others)
  A deep elf master archer (Elf:3)
  A lich (Abyss:2)
  A draconian knight (Zot:1)
  A blood saint (Pan)
  A stone giant (Depths:3)
  A deep elf annihilator (Elf:3)
  A blizzard demon (Pan)
  A merfolk impaler (Shoals:4)
  3 yaktaur captains
  3 vault guards (Vaults:5)
  A hydra (Zig:10)
  2 merfolk aquamancers
  3 centaur warriors
  3 death scarabs (Tomb:3)
  A satyr (Shoals:3)
  A two-headed ogre (Depths:2)
  A sun demon (Geh:7)
  A swamp dragon (Zig:10)
  A harpy (Shoals:1)
  8 deep elf archers
  3 deep elf magi
  A wizard (D:3)
  2 fauns (Shoals:2)
  4 cyclopes (Shoals:3)
  14 yaktaurs
  A tormentor (Pan)
  A hornet (Zig:10)
  A jumping spider (Zig:11)
  A merfolk (Shoals:4)
  A slime creature (Zig:10)
  5 flying skulls
  A water elemental (Elf:2)
  A large abomination (Abyss:4)
  6 humans (Spider:2)
  2 chaos spawn
  A golden eye (Slime:2)
  2 insubstantial wisps
  A hell hound (Hell)
  3 swamp drakes (Zig:10)
  An ogre (Vaults:5)
  4 centaurs
  A bullfrog (D:15)
  An orc wizard (D:14)
  2 hell rats (Lair:5)
  A bat (D:1)
  A crawling corpse (Vaults:5)
  5 fungi
  A lurking horror (Abyss:4)
  40 plants
  30 starspawn tentacles
  11 tentacles
185 creatures vanquished.

Grand Total: 4499 creatures vanquished

Notes
Turn   | Place    | Note
-------+----------+-------------------------------------------
     0 | D:1      | Ijustatesigmund the Demigod Fighter began the quest for the
                  | Orb.
     0 | D:1      | Reached XP level 1. HP: 18/18 MP: 3/3
   107 | D:1      | Reached XP level 2. HP: 25/25 MP: 4/4
   133 | D:1      | Reached skill level 3 in Fighting
   135 | D:1      | Reached skill level 1 in Dodging
   703 | D:2      | Reached XP level 3. HP: 18/31 MP: 5/5
  2040 | D:3      | Reached XP level 4. HP: 23/38 MP: 6/6
  2099 | D:3      | Found a bloodstained altar of Trog.
  2102 | D:3      | Noticed a wizard
  2108 | D:3      | Killed a wizard
  2359 | D:3      | Found a glowing drain.
  2366 | Sewer    | Entered a sewer
  2556 | Sewer    | Noticed a big kobold
  2594 | Sewer    | Killed a big kobold
  2594 | Sewer    | Reached XP level 5. HP: 15/46 MP: 7/7
  2838 | Sewer    | Reached skill level 4 in Fighting
  3288 | Sewer    | Reached XP level 6. HP: 21/53 MP: 8/8
  3830 | D:3      | Noticed Ijyb
  3844 | D:3      | HP: 1/53 [Ijyb/puff of flame (13)]
  3852 | D:3      | Killed Ijyb
  4588 | D:4      | Found Pishrolugh's Magic Scroll Emporium.
  4600 | D:4      | Bought a scroll of teleportation for 42 gold pieces
  4600 | D:4      | Bought a scroll of fear for 49 gold pieces
  4690 | D:4      | Reached XP level 7. HP: 60/60 MP: 9/9
  4699 | D:4      | Reached skill level 5 in Fighting
  4805 | D:4      | Found an ancient bone altar of Kikubaaqudgha.
  4937 | D:4      | Noticed Sigmund
  4948 | D:4      | Killed Sigmund
  5001 | D:4      | Reached skill level 5 in Axes
  5164 | D:5      | Entered Level 5 of the Dungeon
  5934 | D:4      | Reached skill level 5 in Dodging
  5934 | D:4      | Reached XP level 8. HP: 43/70 MP: 10/10
  5938 | D:4      | Reached skill level 6 in Fighting
  6477 | D:5      | Noticed Duvessa
  6483 | D:5      | Noticed Dowan
  6680 | D:5      | Killed Duvessa
  6686 | D:5      | Killed Dowan
  7861 | D:6      | Found Zeypt's General Store.
  7898 | D:6      | Reached skill level 7 in Fighting
  8244 | D:6      | Reached XP level 9. HP: 45/79 MP: 11/11
  9865 | D:7      | Found a staircase to the Ecumenical Temple.
 10313 | D:8      | Found a sparkling altar of Nemelex Xobeh.
 10332 | D:8      | Reached skill level 8 in Fighting
 10334 | D:8      | Noticed a two-headed ogre
 10345 | D:8      | HP: 4/81 [two-headed ogre/+0 giant club (20)]
 10349 | D:8      | Killed a two-headed ogre
 11013 | D:8      | Gained mutation: You have a beak for a mouth. [potion of
                  | mutation]
 11013 | D:8      | Gained mutation: Your muscles are strong. (Str +2) [potion
                  | of mutation]
 11013 | D:8      | Gained mutation: You are partially covered in yellow
                  | scales. (AC +2) [potion of mutation]
 11014 | D:8      | Reached skill level 9 in Fighting
 11014 | D:8      | Reached XP level 10. HP: 78/93 MP: 13/13
 11438 | D:8      | Reached XP level 11. HP: 72/99 MP: 14/14
 12053 | D:9      | Found a shadowy altar of Dithmenos.
 12054 | D:9      | Found a blossoming altar of Fedhas.
 12067 | D:9      | Identified Soaqips's Compendium of Transformation
 12218 | D:9      | Found an iron altar of Okawaru.
 12302 | D:9      | Found a stormy altar of Qazlal.
 12405 | D:9      | Killed an unseen horror
 12405 | D:9      | Reached skill level 10 in Fighting
 12478 | D:9      | Noticed a two-headed ogre
 12485 | D:9      | Killed a two-headed ogre
 12812 | D:9      | Reached skill level 10 in Axes
 13107 | D:9      | Noticed a two-headed hydra
 13115 | D:9      | Killed a three-headed hydra
 13361 | D:10     | Entered Level 10 of the Dungeon
 13362 | D:10     | Noticed a seven-headed hydra
 13931 | D:10     | Noticed a two-headed ogre
 13932 | D:10     | Got a spiked plate armour
 13952 | D:9      | Identified the +9 plate armour of Ashenzari's Generosity
                  | {rC+ Regen+} (You found it on level 10 of the Dungeon)
 13968 | D:10     | Killed a seven-headed hydra
 13989 | D:10     | Killed a two-headed ogre
 14133 | D:10     | Found a transporter.
 14279 | D:10     | Found a transporter.
 14284 | D:10     | Noticed Linguinho's ghost (journeyman GrFi)
 14417 | D:10     | Found a staircase to the Lair.
 14707 | D:11     | Reached skill level 5 in Armour
 14708 | D:11     | Reached skill level 11 in Fighting
 14750 | D:11     | Noticed a two-headed ogre
 14758 | D:11     | Killed a two-headed ogre
 14758 | D:11     | Reached XP level 12. HP: 80/110 MP: 15/15
 15791 | D:12     | Found a staircase to the Orcish Mines.
 15842 | D:12     | Noticed a six-headed hydra
 15917 | D:12     | Found a glowing silver altar of Zin.
 15964 | D:12     | Identified a scroll of acquirement
 15967 | D:12     | Got a pitted war axe
 15968 | D:12     | Identified the +3 war axe "Gram" {pain, Fragile rF+ rN++
                  | SInv} (You acquired it on level 12 of the Dungeon)
 16008 | D:12     | Killed a six-headed hydra
 16070 | D:12     | Noticed a four-headed hydra
 16337 | D:13     | Noticed a centaur warrior
 16344 | D:13     | Killed a centaur warrior
 16415 | D:13     | Noticed a vault guard
 16458 | D:12     | Killed a vault guard
 16572 | D:13     | You fall into a shaft and drop 1 floor!
 16844 | D:13     | Noticed a vault guard
 16846 | D:13     | Noticed a vault guard
 17079 | D:13     | Killed a vault guard
 17088 | D:13     | Found a gate to the Vaults.
 17088 | D:13     | Noticed a vault guard
 17089 | D:13     | Noticed a vault guard
 17108 | D:13     | Killed a vault guard
 17126 | D:13     | Killed a vault guard
 17221 | D:13     | Reached XP level 13. HP: 76/117 MP: 16/16
 17224 | D:13     | Reached skill level 12 in Fighting
 17915 | D:14     | Reached skill level 1 in Evocations
 18727 | D:14     | Reached skill level 10 in Armour
 19765 | Orc:1    | Entered Level 1 of the Orcish Mines
 19900 | Orc:1    | Found a runed translucent door.
 19904 | Orc:1    | Found the +10 large shield of Ignorance {rN+ Int-4}
 19947 | Orc:1    | Learned a level 1 spell: Apportation
 20245 | Orc:1    | Found Efarch's Jewellery Shoppe.
 20336 | Orc:1    | Found a runed translucent door.
 20539 | Orc:2    | Entered Level 2 of the Orcish Mines
 20539 | Orc:2    | Found Relo's Food Shop.
 20892 | Orc:2    | Gained mutation: You expend magic power (3 MP) to
                  | strengthen your wands. [a neqoxec]
 20912 | Orc:2    | Noticed Urug
 21208 | Orc:2    | Killed Urug
 21415 | Orc:2    | Found Fuuzoria's Book Emporium.
 21415 | Orc:2    | Found Plog's Assorted Antiques.
 21424 | Orc:2    | Found Askal's Assorted Antiques.
 21426 | Orc:2    | Found Hyrud's Jewellery Shoppe.
 21429 | Orc:2    | Bought a brightly glowing morningstar for 279 gold pieces
 21430 | Orc:2    | Bought a shiny gold wand for 124 gold pieces
 21430 | Orc:2    | Bought a scroll labeled BYXANG MEAXT for 31 gold pieces
 21430 | Orc:2    | Bought a scroll of teleportation for 93 gold pieces
 21617 | Orc:2    | Bought the ring of Xaheh {rPois EV+3} for 483 gold pieces
 21622 | Orc:2    | Bought a pair of gloves for 139 gold pieces
 21628 | Orc:2    | Identified the cursed +2 morningstar "Taic Miz" {crush,
                  | rElec rC- Str+2} (You bought it in a shop on level 2 of the
                  | Orcish Mines)
 21679 | Orc:2    | Found a staircase to the Elven Halls.
 21717 | Orc:2    | Reached XP level 14. HP: 127/127 MP: 20/20
 21940 | Orc:1    | Bought the ring "Kioh Yso" {EV+3 Int+4} for 436 gold pieces
 22094 | Lair:1   | Entered Level 1 of the Lair of Beasts
 23906 | Lair:3   | Found a hole to the Spider Nest.
 24119 | Lair:3   | Found the +8 whip "Snakebite" {curare, rPois}
 24669 | Lair:4   | Found a staircase to the Shoals.
 25204 | Lair:4   | Reached skill level 13 in Fighting
 25769 | Lair:5   | Reached skill level 10 in Shields
 25981 | Lair:5   | Found a staircase to the Slime Pits.
 26383 | Lair:6   | Entered Level 6 of the Lair of Beasts
 26823 | Lair:6   | Noticed Josephine
 26839 | Lair:6   | Reached XP level 15. HP: 135/136 MP: 21/21
 26841 | Lair:6   | Killed Josephine
 26972 | Lair:6   | Got a wavering jade ring
 26974 | Lair:6   | Identified the ring of the Tormentor {*Drain Str+4 SInv}
                  | (You found it on level 6 of the Lair of Beasts)
 26979 | Lair:6   | Got spiked acid dragon scales
 27487 | Lair:6   | Identified the amulet of the Messenger {RegenMP rPois MR+
                  | MP+9} (You found it on level 6 of the Lair of Beasts)
 27561 | Lair:6   | Identified the cursed +1 acid dragon scales of Girghuatsu
                  | {-Tele MR++ rCorr} (You found it on level 6 of the Lair of
                  | Beasts)
 27875 | D:15     | Entered Level 15 of the Dungeon
 27904 | D:15     | Found Arusatzu's Gadget Boutique.
 28134 | D:15     | Found a staircase to the Depths.
 28134 | D:15     | Noticed a fire giant
 28217 | D:15     | Killed a fire giant
 29324 | Spider:1 | Entered Level 1 of the Spider Nest
 29416 | Spider:1 | Reached skill level 1 in Translocations
 30494 | Spider:2 | Noticed Arachne
 30497 | Spider:2 | Reached skill level 14 in Fighting
 30519 | Spider:2 | Killed Arachne
 30543 | Spider:2 | Noticed Kirke
 30553 | Spider:2 | Killed Kirke
 31863 | Spider:2 | Reached skill level 5 in Translocations
 32040 | Spider:3 | Reached XP level 16. HP: 102/147 MP: 22/22
 32420 | Shoals:1 | Entered Level 1 of the Shoals
 33280 | Shoals:2 | Noticed Donald
 33307 | Shoals:2 | Killed Donald
 34513 | Shoals:3 | Noticed Ilsuiw
 34613 | Shoals:4 | Entered Level 4 of the Shoals
 34625 | Shoals:4 | Reached skill level 15 in Fighting
 34938 | Shoals:3 | Found Naotiy Ajito's Jewellery Emporium.
 35300 | Shoals:3 | Reached skill level 15 in Axes
 35612 | Shoals:3 | Noticed Mara
 35831 | Shoals:4 | Reached XP level 17. HP: 129/156 MP: 24/24
 36609 | Shoals:4 | Got a barnacled rune of Zot
 36715 | Shoals:4 | Identified the Volume of Unstable Sinister Rituals
 37111 | Orc:1    | Bought an uncursed ring of resist corrosion for 240 gold
                  | pieces
 37589 | Spider:4 | Entered Level 4 of the Spider Nest
 37983 | Spider:4 | Upgraded the game from 0.24-a0-769-g368c1644f8 to
                  | 0.24-a0-778-g74da537585
 38152 | Spider:4 | Reached skill level 16 in Fighting
 38498 | Spider:4 | Reached skill level 5 in Evocations
 38683 | Spider:4 | Got a gossamer rune of Zot
 39245 | Vaults:1 | Entered Level 1 of the Vaults
 39415 | Vaults:1 | Reached XP level 18. HP: 137/166 MP: 19/26
 39952 | Vaults:1 | Identified the +3 flail of Teaguluj {vamp, rC+ Int+5}
 40193 | Vaults:1 | Reached skill level 17 in Fighting
 40580 | Vaults:1 | Reached skill level 18 in Fighting
 40649 | Vaults:1 | Found Nuisunoj's Antique Armour Shop.
 40657 | Vaults:1 | Bought a dazzling large shield for 380 gold pieces
 40657 | Vaults:1 | Bought a pair of spiked gloves for 380 gold pieces
 40657 | Vaults:1 | Identified the cursed +0 large shield of Ose Tir {*Drain
                  | rElec Int+6} (You bought it in a shop on level 1 of the
                  | Vaults)
 40659 | Vaults:1 | Identified the +3 pair of gloves of Bov Jith {rElec rC+
                  | Str+7 SInv} (You bought it in a shop on level 1 of the
                  | Vaults)
 41049 | Vaults:2 | Reached skill level 19 in Fighting
 41342 | Vaults:2 | Reached XP level 19. HP: 157/184 MP: 28/28
 41544 | Vaults:2 | Noticed a lich
 41549 | Vaults:2 | Killed a lich
 42457 | Vaults:3 | Found a staircase to the Crypt.
 42705 | Vaults:3 | Noticed Nikola
 42727 | Vaults:3 | Killed Nikola
 44117 | Vaults:4 | Found Angi Xullaj's Assorted Antiques.
 44124 | Vaults:4 | Bought a tubular diamond ring for 190 gold pieces
 44460 | Vaults:4 | Reached XP level 20. HP: 193/193 MP: 29/29
 45067 | Elf:1    | Entered Level 1 of the Elven Halls
 45327 | Elf:1    | Reached skill level 10 in Translocations
 45386 | Elf:1    | Identified the Handbook of Companions
 45932 | Elf:2    | Found a runed translucent gate.
 45932 | Elf:2    | Found a runed translucent gate.
 45933 | Elf:2    | Found a runed translucent gate.
 46217 | Elf:2    | Noticed Agnes
 46228 | Elf:2    | Killed Agnes
 46239 | Elf:2    | Found Lumu's Food Emporium.
 46250 | Elf:2    | Found Qudo's Antique Weapon Shoppe.
 46571 | Elf:2    | Noticed Jorgrun
 46594 | Elf:2    | Killed Jorgrun
 46627 | Elf:2    | Reached skill level 15 in Armour
 46863 | Elf:3    | Entered Level 3 of the Elven Halls
 46992 | Elf:3    | Cast into level 2 of the Abyss (a deep elf sorcerer)
 47259 | Elf:3    | Escaped the Abyss
 47280 | Elf:3    | Cast into level 3 of the Abyss (a deep elf sorcerer)
 47310 | Abyss:3  | Upgraded the game from 0.24-a0-778-g74da537585 to
                  | 0.24-a0-779-g36f0aeb843
 47347 | Elf:3    | Escaped the Abyss
 47373 | Elf:3    | Reached XP level 21. HP: 168/200 MP: 30/30
 47389 | Elf:3    | Reached skill level 15 in Shields
 47411 | Elf:3    | Found Efaesy's Elven Fire.
 47910 | Elf:3    | Identified the +3 mace of Kinasuch {freeze, Str+6} (You
                  | found it on level 3 of the Elven Halls)
 47993 | Elf:3    | Identified the +2 plate armour of Coronation {MR+} (You
                  | found it on level 3 of the Elven Halls)
 48041 | Elf:3    | Found the +9 scales of the Dragon King {rPois rF+ rC+ MR+}
 48082 | Elf:3    | Learned a level 2 spell: Blink
 48086 | Elf:3    | Learned a level 3 spell: Lesser Beckoning
 48307 | Elf:3    | Identified the +1 pair of gloves of a treasure trove {rElec
                  | MR+++ Int-4 Stlth+} (You found it on level 3 of the Elven
                  | Halls)
 48815 | Depths:1 | Entered Level 1 of the Depths
 48942 | Depths:1 | Found a one-way gate leading to the halls of Pandemonium.
 48970 | Depths:1 | Found a gateway to Hell.
 49100 | Depths:1 | Found a portal to a secret trove of treasure.
 49287 | Depths:1 | You fall into a shaft and drop 1 floor!
 49485 | Depths:2 | Found a gateway to a ziggurat.
 49650 | Depths:2 | Reached skill level 10 in Dodging
 49707 | Depths:2 | Found a shimmering altar of Xom.
 49902 | Depths:2 | Found a runed translucent door.
 49905 | Depths:2 | Found a runed translucent door.
 49959 | Depths:2 | Noticed a juggernaut
 49959 | Depths:2 | Identified the +6 long sword "Duowuw" {protect, rPois
                  | Dex+7}
 49981 | Depths:2 | Killed a juggernaut
 50039 | Depths:2 | Identified the amulet "Vohud" {Reflect rPois MR+ Str+6
                  | Slay-3 SH+3}
 50083 | Depths:2 | Identified the Papyrus of Unstable Enhancements
 50537 | Depths:3 | Reached XP level 22. HP: 209/209 MP: 31/31
 50608 | Depths:3 | Noticed a juggernaut
 50620 | Depths:3 | Killed a juggernaut
 51174 | Depths:3 | Identified the Disquisition on the Mountains
 51372 | Depths:3 | Reached skill level 1 in Spellcasting
 51673 | Depths:4 | Identified the +8 war axe of Loshimya {drain, Int+3 Dex+3}
                  | (You acquired it on level 4 of the Depths)
 51685 | Depths:4 | Found a one-way gate to the infinite horrors of the Abyss.
 51696 | Depths:4 | Found a magical portal.
 52124 | WizLab   | Identified Iskenderun's Grimoire of Attacks
 52124 | WizLab   | Identified Iskenderun's Grimoire of Conjuration
 52530 | Depths:4 | Reached skill level 5 in Spellcasting
 52596 | Depths:4 | Noticed a caustic shrike
 52596 | Depths:4 | Noticed a caustic shrike
 52597 | Depths:4 | Noticed a caustic shrike
 52597 | Depths:4 | Noticed a caustic shrike
 53418 | Depths:4 | Killed a caustic shrike
 53418 | Depths:4 | Reached XP level 23. HP: 140/215 MP: 35/35
 53788 | Depths:5 | Entered Level 5 of the Depths
 53814 | Depths:5 | Found a flickering gateway to a bazaar.
 53860 | Bazaar   | Entered a bazaar
 53869 | Bazaar   | Found Gudoif's Antique Weapon Emporium.
 53882 | Bazaar   | Found Inupiet's Antique Weapon Shoppe.
 53897 | Bazaar   | Found Toreazxo's Antique Armour Shoppe.
 53908 | Bazaar   | Found Laweevu's Antique Armour Emporium.
 53913 | Bazaar   | Bought a transparent plate armour for 756 gold pieces
 53913 | Bazaar   | Bought a distressingly furry cloak for 256 gold pieces
 53913 | Bazaar   | Identified the +6 plate armour "Tovej" {-Cast rC- Int+8
                  | Slay+5} (You bought it in a shop in a bazaar)
 53914 | Bazaar   | Identified the cursed +0 cloak of Dim Light {rCorr Int+3
                  | Stlth+} (You bought it in a shop in a bazaar)
 54045 | Depths:5 | Reached skill level 10 in Evocations
 54149 | Depths:5 | Reached skill level 15 in Dodging
 54287 | Depths:5 | Found a gate to the Realm of Zot.
 55339 | Vaults:5 | Entered Level 5 of the Vaults
 55361 | Vaults:5 | Noticed Margery
 55687 | Vaults:4 | Killed Margery
 56022 | Vaults:5 | Reached skill level 20 in Fighting
 56336 | Vaults:5 | Reached XP level 24. HP: 208/224 MP: 37/37
 56682 | Vaults:5 | Got a silver rune of Zot
 56718 | Vaults:5 | Identified Sif Muna's Collected Works on Earthen Boosts
 56926 | Vaults:5 | Identified the cursed +1 robe of Qelijynn {rC+ Str-2 SInv
                  | Stlth+}
 57149 | Vaults:5 | Identified the +2 fustibalus of the Wolf {venom, Int+2
                  | Dex+3} (You found it on level 5 of the Vaults)
 57213 | Vaults:5 | Identified the +7 flail "Dragonbane" {freeze, +Inv rF- rC+
                  | Dex+4}
 57670 | Vaults:5 | Identified the +8 chain mail of the Fifty Souls {rCorr
                  | Str+2 Dex-2} (You found it on level 5 of the Vaults)
 57719 | Vaults:5 | Noticed an ancient lich
 57727 | Vaults:5 | Killed an ancient lich
 58022 | Crypt:1  | Entered Level 1 of the Crypt
 58129 | Vaults:3 | Learned a level 2 spell: Swiftness
 58162 | Crypt:1  | Reached skill level 1 in Charms
 58162 | Crypt:1  | Reached skill level 1 in Air Magic
 58209 | Crypt:1  | Noticed Mennas
 58252 | Crypt:1  | Killed Mennas
 58401 | Crypt:1  | Noticed Xtahua
 58415 | Crypt:1  | Killed Xtahua
 58647 | Crypt:1  | Identified the +4 shield "Wohoj" {SInv} (You found it on
                  | level 1 of the Crypt)
 58902 | Crypt:2  | Reached skill level 5 in Charms
 58902 | Crypt:2  | Reached skill level 5 in Air Magic
 59400 | Crypt:2  | Noticed Khufu
 59404 | Crypt:2  | Noticed a greater mummy
 59415 | Crypt:2  | Killed Khufu
 59416 | Crypt:2  | HP: 13/333 [???[Khufu] (8)]
 59425 | Crypt:2  | Killed a greater mummy
 59431 | Crypt:2  | Noticed a greater mummy
 59690 | Crypt:2  | Killed a greater mummy
 60362 | Crypt:3  | Entered Level 3 of the Crypt
 60367 | Crypt:3  | Reached XP level 25. HP: 234/234 MP: 37/37
 60535 | Crypt:3  | Found a basalt altar of Yredelemnul.
 61089 | Crypt:3  | Noticed an ancient lich
 61108 | Crypt:3  | Killed an ancient lich
 61117 | Crypt:3  | Found a staircase to the Tomb.
 61155 | Crypt:3  | Identified the ring "Umaepigoa" {rN+ Int+3} (You found it
                  | on level 3 of the Crypt)
 61156 | Crypt:3  | Identified the amulet "Umyucrap" {rF++ rC- rN+++ Regen+
                  | Slay-5} (You found it on level 3 of the Crypt)
 61157 | Crypt:3  | Identified the ring "Aqath" {rC+ rN+ Dex-4 Slay+2} (You
                  | found it on level 3 of the Crypt)
 61263 | Crypt:3  | Identified the Guide on Quantum Stones
 61561 | Tomb:1   | Entered Level 1 of the Tomb of the Ancients
 61575 | Tomb:1   | Identified the +3 chain mail of the Learner {*Slow rElec
                  | rF+++ rCorr Stlth-} (You found it on level 1 of the Tomb of
                  | the Ancients)
 61672 | Tomb:1   | Paralysed by a sphinx for 4 turns
 61954 | Tomb:1   | Reached skill level 10 in Charms
 62246 | Tomb:1   | Reached skill level 10 in Air Magic
 62311 | Tomb:1   | Noticed a greater mummy
 62313 | Tomb:1   | Noticed an ancient lich
 62356 | Tomb:1   | Noticed a greater mummy
 62368 | Tomb:1   | Killed a greater mummy
 62438 | Tomb:1   | Noticed a greater mummy
 62450 | Tomb:1   | Killed a greater mummy
 62664 | Tomb:1   | Noticed a greater mummy
 62684 | Tomb:1   | Killed a greater mummy
 62705 | Tomb:1   | Noticed a greater mummy
 62724 | Tomb:1   | Killed a greater mummy
 62804 | Tomb:1   | Noticed a greater mummy
 62809 | Tomb:1   | Noticed a greater mummy
 62825 | Tomb:1   | Killed a greater mummy
 62833 | Tomb:1   | Killed a greater mummy
 63066 | Tomb:1   | Noticed a greater mummy
 63085 | Tomb:1   | Killed a greater mummy
 63149 | Tomb:1   | Noticed a greater mummy
 63163 | Tomb:1   | Killed a greater mummy
 63221 | Tomb:1   | Noticed a greater mummy
 63233 | Tomb:1   | Killed a greater mummy
 63353 | Tomb:1   | Noticed a greater mummy
 63363 | Tomb:1   | Killed a greater mummy
 63801 | Tomb:3   | Entered Level 3 of the Tomb of the Ancients
 63833 | Tomb:3   | Reached XP level 26. HP: 204/241 MP: 31/37
 63844 | Tomb:3   | Got a pair of dazzling gloves
 63859 | Tomb:2   | Identified the cursed +0 pair of gloves of Courage
                  | {*Corrode +Blink rF- SInv} (You found it on level 3 of the
                  | Tomb of the Ancients)
 64078 | Tomb:3   | Found the +7 Singing Sword {slice, sonic wave}
 64080 | Tomb:3   | Got a smoking golden amulet
 64253 | Zig:1    | Entered Level 1 of a ziggurat
 64267 | Zig:2    | Entered Level 2 of a ziggurat
 64280 | Zig:2    | Identified the Handbook of Poisonous Arcane Weapons
 64287 | Zig:3    | Entered Level 3 of a ziggurat
 64287 | Zig:3    | Found the +7 mace of Variability {chain chaos}
 64287 | Zig:3    | Noticed Ruttoyr the pandemonium lord
 64303 | Zig:3    | Killed Ruttoyr the pandemonium lord
 64319 | Zig:4    | Entered Level 4 of a ziggurat
 64320 | Zig:4    | Noticed a juggernaut
 64349 | Zig:4    | Killed a juggernaut
 64439 | Zig:5    | Entered Level 5 of a ziggurat
 64578 | Zig:5    | Identified the amulet "Teymn" {Inacc Fragile rN++ Dex+5}
                  | (You found it on level 3 of the Tomb of the Ancients)
 64583 | Zig:6    | Entered Level 6 of a ziggurat
 64589 | Zig:6    | Found the +0 sword of Power
 64590 | Zig:6    | Found the +7 Kryia's mail coat {PotionHeal*2 rC+}
 64633 | Zig:7    | Entered Level 7 of a ziggurat
 64802 | Zig:8    | Entered Level 8 of a ziggurat
 64808 | Zig:8    | Found the +8 mithril axe "Arga" {speed, MR+}
 64841 | Zig:8    | Got a twitching golden ring
 64842 | Zig:8    | Identified the ring "Tutoatit" {rElec Dex-4 Slay+6 SInv
                  | Stlth-} (You found it on level 8 of a ziggurat)
 64900 | Zig:9    | Entered Level 9 of a ziggurat
 64907 | Zig:9    | Noticed an ancient lich
 64926 | Zig:9    | Reached skill level 21 in Fighting
 64929 | Zig:9    | Killed an ancient lich
 64963 | Zig:10   | Entered Level 10 of a ziggurat
 65012 | Zig:10   | Found the +8 arc blade {discharge, rElec}
 65025 | Zig:10   | Learned a level 2 spell: Song of Slaying
 65121 | Zig:11   | Entered Level 11 of a ziggurat
 65233 | Zig:11   | Reached XP level 27. HP: 249/249 MP: 37/37
 65240 | Zig:12   | Entered Level 12 of a ziggurat
 65427 | Tomb:3   | Noticed an ancient lich
 65717 | Tomb:3   | Reached skill level 22 in Fighting
 66840 | Slime:1  | Entered Level 1 of the Pits of Slime
 67084 | Slime:2  | Gained mutation: Potions are less effective at restoring
                  | your health. [a shining eye]
 67087 | Slime:2  | Gained mutation: You tend to lose your temper in combat. [a
                  | shining eye]
 67223 | Slime:1  | You fall into a shaft and drop 1 floor!
 67477 | Slime:4  | Gained mutation: You are clumsy. (Dex -2) [a shining eye]
 67499 | Slime:4  | Gained mutation: Your skin changes colour to match your
                  | surroundings (Stealth+). [a shining eye]
 67503 | Slime:4  | Gained mutation: You are very clumsy. (Dex -4) [a shining
                  | eye]
 67509 | Slime:4  | Lost mutation: Your muscles are strong. (Str +2) [a shining
                  | eye]
 67788 | Slime:3  | Gained mutation: You are frail. (-10% HP) [a shining eye]
 68094 | Slime:5  | Entered Level 5 of the Pits of Slime
 68766 | Slime:5  | Noticed the Royal Jelly
 68796 | Slime:5  | Killed the Royal Jelly
 69135 | Slime:5  | Found the +2 Maxwell's thermic engine {flame, freeze}
 69164 | Slime:5  | Found the +11 plutonium sword {*Contam Stlth-}
 69197 | Slime:5  | Got a transparent brass ring
 69198 | Slime:5  | Identified the ring "Sauki" {Str+4 Dex+4 Stlth+} (You found
                  | it on level 5 of the Pits of Slime)
 69233 | Slime:5  | Got a translucent brass ring
 69234 | Slime:5  | Identified the ring of Gylioda {*Slow +Blink rN+ Str+2
                  | SInv} (You found it on level 5 of the Pits of Slime)
 69263 | Slime:5  | Got a slimy rune of Zot
 69287 | Slime:5  | Identified the Guide on Helpful Execration
 69298 | Slime:5  | Lost mutation: You are frail. (-10% HP) [potion of
                  | mutation]
 69298 | Slime:5  | Lost mutation: You are very clumsy. (Dex -4) [potion of
                  | mutation]
 69298 | Slime:5  | Lost mutation: You tend to lose your temper in combat.
                  | [potion of mutation]
 69298 | Slime:5  | Gained mutation: Your muscles are strong. (Str +2) [potion
                  | of mutation]
 69299 | Slime:5  | Lost mutation: Potions are less effective at restoring your
                  | health. [potion of mutation]
 69299 | Slime:5  | Lost mutation: You expend magic power (3 MP) to strengthen
                  | your wands. [potion of mutation]
 69299 | Slime:5  | Lost mutation: Your muscles are strong. (Str +2) [potion of
                  | mutation]
 69299 | Slime:5  | Gained mutation: You have sharp toenails. [potion of
                  | mutation]
 69299 | Slime:5  | Lost mutation: You are clumsy. (Dex -2) [potion of
                  | mutation]
 70044 | Zot:1    | Entered Level 1 of the Realm of Zot
 70436 | Zot:1    | Reached skill level 23 in Fighting
 70693 | Zot:1    | Identified the Catalogue of Dusty Aid
 71860 | Zot:2    | Noticed an orb of fire
 71876 | Zot:2    | Killed an orb of fire
 72551 | Zot:2    | Upgraded the game from 0.24-a0-779-g36f0aeb843 to
                  | 0.24-a0-784-g601f8f6d22
 72959 | Zot:2    | Learned a level 3 spell: Regeneration
 72980 | Zot:2    | Identified the +2 shortbow of Patience {speed, *Drain Int+3
                  | Dex+4} (You found it on level 2 of the Realm of Zot)
 73111 | Zot:3    | Noticed an orb of fire
 73123 | Zot:3    | Gained mutation: Potions are less effective at restoring
                  | your health. [an orb of fire]
 73124 | Zot:3    | Gained mutation: You do not regenerate when monsters are
                  | visible. [an orb of fire]
 73127 | Zot:3    | Gained mutation: Scrolls take you a little longer to read.
                  | [an orb of fire]
 73136 | Zot:3    | Gained mutation: You are occasionally teleported next to
                  | monsters. [an orb of fire]
 73139 | Zot:3    | Killed an orb of fire
 73682 | Zot:3    | Identified the +9 scythe of the New World {antimagic,
                  | rElec} (You found it on level 3 of the Realm of Zot)
 75581 | Depths:1 | You paid a toll of a +6 demon whip to enter a treasure
                  | trove
 75582 | Trove    | Entered a treasure trove
 75587 | Trove    | Got a bound copper ring
 75589 | Trove    | Got a clouded jade ring
 75596 | Trove    | Got a transparent glass ring
 75599 | Trove    | Got a slimy garnet amulet
 75607 | Trove    | Identified the ring "Oguupnai" {rPois rF- Dex+6} (You found
                  | it in a treasure trove)
 75610 | Trove    | Identified the ring "Qikhick" {rPois rC+ Int-5 Dex+7} (You
                  | found it in a treasure trove)
 75612 | Trove    | Identified the amulet "Cowihiw" {RegenMP rElec MR+ Str+7
                  | Dex-3} (You found it in a treasure trove)
 75615 | Trove    | Identified the ring "Liocir" {*Slow rElec rN+ Str+2} (You
                  | found it in a treasure trove)
 75633 | Trove    | Got a glittering lapis lazuli ring
 75639 | Trove    | Identified the ring "Rotzomn" {AC+5 Str+3} (You found it in
                  | a treasure trove)
 76395 | Zot:4    | Identified the +1 pair of boots of the Doldrums {-Cast
                  | rElec Int+2} (You found it on level 4 of the Realm of Zot)
 76498 | Zot:5    | Entered Level 5 of the Realm of Zot
 76824 | Zot:5    | Noticed an ancient lich
 76824 | Zot:5    | Noticed an ancient lich
 76824 | Zot:5    | Noticed an orb of fire
 76824 | Zot:5    | Noticed an ancient lich
 76826 | Zot:5    | Noticed an ancient lich
 76840 | Zot:5    | Killed an ancient lich
 76844 | Zot:5    | Killed an ancient lich
 76850 | Zot:5    | Noticed an ancient lich
 76850 | Zot:5    | Noticed an ancient lich
 76870 | Zot:5    | Noticed an ancient lich
 76870 | Zot:5    | Noticed an ancient lich
 76876 | Zot:5    | Noticed an orb of fire
 76892 | Zot:5    | Noticed an ancient lich
 76912 | Zot:5    | Lost mutation: Your skin changes colour to match your
                  | surroundings (Stealth+). [potion of mutation]
 76912 | Zot:5    | Lost mutation: You are occasionally teleported next to
                  | monsters. [potion of mutation]
 76912 | Zot:5    | Lost mutation: You have sharp toenails. [potion of
                  | mutation]
 76912 | Zot:5    | Gained mutation: You are clumsy. (Dex -2) [potion of
                  | mutation]
 76912 | Zot:5    | Lost mutation: You are partially covered in yellow scales.
                  | (AC +2) [potion of mutation]
 76912 | Zot:5    | Lost mutation: Scrolls take you a little longer to read.
                  | [potion of mutation]
 76912 | Zot:5    | Gained mutation: You evolve. [potion of mutation]
 76942 | Zot:4    | Killed an ancient lich
 77253 | Zot:5    | Killed an ancient lich
 77476 | Zot:5    | Killed an ancient lich
 77495 | Zot:5    | Noticed an ancient lich
 77501 | Zot:5    | Killed an orb of fire
 77515 | Zot:5    | Killed an ancient lich
 77515 | Zot:5    | Gained mutation: Armour fits poorly on your strangely
                  | shaped body. [an orb of fire]
 77517 | Zot:5    | Gained mutation: Your spells are a little easier to cast,
                  | but a little less powerful. [an orb of fire]
 77520 | Zot:5    | Gained mutation: Scrolls take you a little longer to read.
                  | [an orb of fire]
 77531 | Zot:5    | Killed an ancient lich
 77542 | Zot:5    | Gained mutation: You occasionally shout uncontrollably at
                  | your foes. [an orb of fire]
 77547 | Zot:5    | Killed an orb of fire
 77557 | Zot:5    | Killed an ancient lich
 77561 | Zot:5    | Killed an ancient lich
 77975 | Zot:5    | Killed an ancient lich
 79141 | Tomb:1   | Killed an ancient lich
 79678 | Tomb:3   | Noticed an ancient lich
 79687 | Tomb:3   | Lost mutation: Armour fits poorly on your strangely shaped
                  | body. [potion of mutation]
 79687 | Tomb:3   | Lost mutation: Scrolls take you a little longer to read.
                  | [potion of mutation]
 79687 | Tomb:3   | Lost mutation: Potions are less effective at restoring your
                  | health. [potion of mutation]
 79687 | Tomb:3   | Gained mutation: You tend to lose your temper in combat.
                  | [potion of mutation]
 79687 | Tomb:3   | Gained mutation: You can translocate small distances at
                  | will. [potion of mutation]
 79687 | Tomb:3   | Gained mutation: You passively map a small area around you.
                  | [potion of mutation]
 79731 | Tomb:2   | Lost mutation: You occasionally shout uncontrollably at
                  | your foes. [evolution]
 80236 | Tomb:2   | Lost mutation: You are clumsy. (Dex -2) [potion of
                  | mutation]
 80236 | Tomb:2   | Lost mutation: You do not regenerate when monsters are
                  | visible. [potion of mutation]
 80236 | Tomb:2   | Lost mutation: You evolve. [potion of mutation]
 80236 | Tomb:2   | Gained mutation: You are agile. (Dex +2) [potion of
                  | mutation]
 80236 | Tomb:2   | Lost mutation: You tend to lose your temper in combat.
                  | [potion of mutation]
 80236 | Tomb:2   | Gained mutation: Your muscles are strong. (Str +2) [potion
                  | of mutation]
 80268 | Tomb:3   | Killed an ancient lich
 81362 | Tomb:3   | Killed an ancient lich
 81701 | Tomb:3   | Paralysed by the power of Zot for 4 turns
 81735 | Tomb:3   | Got a golden rune of Zot
 81995 | Tomb:3   | Got a brightly glowing wooden ring
 81996 | Tomb:3   | Identified the ring "Luobofal" {rN+ MP+9} (You found it on
                  | level 3 of the Tomb of the Ancients)
 82027 | Tomb:3   | Identified the cursed +1 hand axe of Satyriasis {freeze,
                  | rElec Int+3 Dex-4 Stlth+} (You found it on level 3 of the
                  | Tomb of the Ancients)
 82164 | Tomb:3   | Got a crude steel amulet
 82238 | Tomb:3   | Identified the amulet of Balance {Reflect rElec rPois rN+
                  | Dex+4 SH+4} (You found it on level 3 of the Tomb of the
                  | Ancients)
 82893 | Zig:1    | Entered Level 1 of a ziggurat
 82913 | Zig:2    | Entered Level 2 of a ziggurat
 82947 | Zig:3    | Entered Level 3 of a ziggurat
 83223 | Zig:4    | Entered Level 4 of a ziggurat
 83514 | Zig:5    | Entered Level 5 of a ziggurat
 83519 | Zig:5    | Noticed Molliusm the pandemonium lord
 83546 | Zig:5    | Cast into level 4 of the Abyss (Molliusm)
 83546 | Dis:1    | Entered Level 1 of the Iron City of Dis
 83556 | Abyss:4  | Gained mutation: Your spells are easier to cast, but less
                  | powerful. [a neqoxec]
 83587 | Abyss:4  | Reached skill level 15 in Charms
 83616 | Abyss:4  | Paralysed by accursed screaming for 1 turns
 83733 | Abyss:4  | Found a shimmering altar of Xom.
 83733 | Abyss:4  | Found a shimmering altar of Xom.
 83785 | Abyss:4  | Reached skill level 1 in Necromancy
 83815 | Abyss:4  | Gained mutation: Your spells are much easier to cast, but
                  | much less powerful. [a shining eye]
 84140 | Abyss:4  | Found a hide-covered altar of Uskayaw.
 84149 | Abyss:4  | Paralysed by you for 7 turns
 84190 | Abyss:4  | Reached skill level 5 in Necromancy
 84334 | Abyss:4  | Found a hide-covered altar of Uskayaw.
 84824 | Abyss:4  | Gained mutation: You are dopey. (Int -2) [a neqoxec]
 84899 | Abyss:4  | Paralysed by accursed screaming for 1 turns
 84922 | Abyss:4  | Found a corrupted altar of Lugonu.
 85641 | Abyss:4  | Reached skill level 10 in Necromancy
 85705 | Abyss:4  | Gained mutation: You occasionally shout uncontrollably at
                  | your foes. [a neqoxec]
 85786 | Abyss:4  | Gained mutation: Your muscles are very strong. (Str +4) [a
                  | neqoxec]
 85930 | Abyss:4  | Paralysed by accursed screaming for 1 turns
 85931 | Abyss:4  | Paralysed by accursed screaming for 2 turns
 85948 | Abyss:4  | Paralysed by accursed screaming for 1 turns
 85954 | Abyss:5  | Entered Level 5 of the Abyss
 85954 | Abyss:5  | Entered Level 5 of the Abyss
 86091 | Zig:5    | Escaped the Abyss
 86106 | Zig:5    | Killed Molliusm the pandemonium lord
 86435 | Zig:6    | Entered Level 6 of a ziggurat
 86471 | Zig:7    | Entered Level 7 of a ziggurat
 86503 | Zig:7    | Identified the Guide on Fiery Transmigration
 86520 | Zig:8    | Entered Level 8 of a ziggurat
 86788 | Zig:8    | Identified the cursed +0 scale mail of the Bells {+Fly
                  | rPois rF+ Dex-5} (You found it on level 8 of a ziggurat)
 86797 | Zig:9    | Entered Level 9 of a ziggurat
 86860 | Zig:9    | Got a scintillating platinum ring
 86861 | Zig:9    | Identified the ring of Sitsem {Ice *Drain rElec Int+6} (You
                  | found it on level 9 of a ziggurat)
 86950 | Zig:10   | Entered Level 10 of a ziggurat
 87167 | Zig:11   | Entered Level 11 of a ziggurat
 87254 | Zig:11   | Got a steaming pewter ring
 87255 | Zig:11   | Identified the ring "Turaoh" {Wiz +Fly rN++ SInv Stlth-}
                  | (You found it on level 11 of a ziggurat)
 87658 | Zig:11   | Identified Ugauz Hupsa's Disquisition on Fiery Lightness
 87778 | Pan      | Entered Pandemonium
 87904 | Pan      | Reached skill level 15 in Evocations
 87906 | Pan      | Noticed Vyclo the pandemonium lord
 87948 | Pan      | Killed Vyclo the pandemonium lord
 88165 | Pan      | Gained mutation: Your body sometimes deteriorates upon
                  | taking damage. [a neqoxec]
 88621 | Pan      | Lost mutation: Your body sometimes deteriorates upon taking
                  | damage. [potion of mutation]
 88621 | Pan      | Lost mutation: Your muscles are very strong. (Str +4)
                  | [potion of mutation]
 88621 | Pan      | Lost mutation: You are agile. (Dex +2) [potion of mutation]
 88621 | Pan      | Lost mutation: You are dopey. (Int -2) [potion of mutation]
 88621 | Pan      | Gained mutation: You are partially covered in icy blue
                  | scales. (AC +2) [potion of mutation]
 88867 | Pan      | Noticed Icitosij the pandemonium lord
 88888 | Pan      | Killed Icitosij the pandemonium lord
 89193 | Pan      | Reached skill level 1 in Stealth
 89388 | Pan      | Noticed Doat the pandemonium lord
 89407 | Pan      | Killed Doat the pandemonium lord
 89635 | Pan      | Gained mutation: Armour fits poorly on your strangely
                  | shaped body. [a cacodemon]
 90063 | Pan      | Found a glowing silver altar of Zin.
 90369 | Pan      | Upgraded the game from 0.24-a0-784-g601f8f6d22 to
                  | 0.24-a0-789-g35933f4585
 90477 | Pan      | Reached skill level 10 in Stealth
 91192 | Pan      | Noticed a seraph
 91863 | Pan      | Identified the +1 pair of gloves of Demons {Int+4} (You
                  | found it in Pandemonium)
 91945 | Pan      | Identified the +8 chain mail of the Everdark {rElec rF+
                  | Int+4}
 91947 | Pan      | Identified the +10 spear of Resumed Hostilities {pierce,
                  | rC+ Stlth+}
 91978 | Pan      | Killed a seraph
 92020 | Pan      | Found a glowing golden altar of the Shining One.
 92032 | Pan      | Identified the Guide on Scorching Cold
 92043 | Pan      | Got a demonic rune of Zot
 92044 | Pan      | Identified the Collected Works on the Earthen Voyage
 92720 | Pan      | Lost mutation: Your spells are much easier to cast, but
                  | much less powerful. [a cacodemon]
 92722 | Pan      | Gained mutation: You are partially covered in thin metallic
                  | scales. (AC +2) [a cacodemon]
 92735 | Pan      | Gained mutation: You have large cloven feet. [a cacodemon]
 92735 | Pan      | Gained mutation: Scrolls take you a little longer to read.
                  | [a cacodemon]
 92736 | Pan      | Gained mutation: Scrolls take you longer to read. [a
                  | cacodemon]
 92738 | Pan      | Gained mutation: You are occasionally teleported next to
                  | monsters. [a cacodemon]
 92741 | Pan      | Gained mutation: You are resistant to hostile enchantments.
                  | (MR+) [a cacodemon]
 92744 | Pan      | Lost mutation: Armour fits poorly on your strangely shaped
                  | body. [a cacodemon]
 92967 | Pan      | Lost mutation: You are resistant to hostile enchantments.
                  | (MR+) [potion of mutation]
 92967 | Pan      | Lost mutation: Scrolls take you longer to read. [potion of
                  | mutation]
 92967 | Pan      | Gained mutation: Your muscles are very strong. (Str +4)
                  | [potion of mutation]
 92968 | Pan      | Lost mutation: You passively map a small area around you.
                  | [potion of mutation]
 92968 | Pan      | Lost mutation: You are partially covered in thin metallic
                  | scales. (AC +2) [potion of mutation]
 92968 | Pan      | Lost mutation: You can translocate small distances at will.
                  | [potion of mutation]
 92968 | Pan      | Lost mutation: Scrolls take you a little longer to read.
                  | [potion of mutation]
 92968 | Pan      | Gained mutation: Your body sometimes deteriorates upon
                  | taking damage. [potion of mutation]
 92968 | Pan      | Gained mutation: Your mind is acute. (Int +2) [potion of
                  | mutation]
 92970 | Pan      | Lost mutation: Your mind is acute. (Int +2) [potion of
                  | mutation]
 92970 | Pan      | Lost mutation: Your muscles are very strong. (Str +4)
                  | [potion of mutation]
 92970 | Pan      | Lost mutation: You are partially covered in icy blue
                  | scales. (AC +2) [potion of mutation]
 92970 | Pan      | Lost mutation: Your muscles are strong. (Str +2) [potion of
                  | mutation]
 92970 | Pan      | Gained mutation: You have a pair of small horns on your
                  | head. [potion of mutation]
 92970 | Pan      | Gained mutation: You are frail. (-10% HP) [potion of
                  | mutation]
 92970 | Pan      | Gained mutation: Your natural rate of healing is unusually
                  | fast. [potion of mutation]
 92971 | Pan      | Lost mutation: You occasionally shout uncontrollably at
                  | your foes. [potion of mutation]
 92971 | Pan      | Lost mutation: Your body sometimes deteriorates upon taking
                  | damage. [potion of mutation]
 92971 | Pan      | Lost mutation: You have large cloven feet. [potion of
                  | mutation]
 92971 | Pan      | Lost mutation: Your spells are easier to cast, but less
                  | powerful. [potion of mutation]
 92971 | Pan      | Gained mutation: You have a pair of horns on your head.
                  | [potion of mutation]
 92972 | Pan      | Lost mutation: You have a pair of horns on your head.
                  | [potion of mutation]
 92972 | Pan      | Lost mutation: You are frail. (-10% HP) [potion of
                  | mutation]
 92972 | Pan      | Lost mutation: You have a pair of small horns on your head.
                  | [potion of mutation]
 92972 | Pan      | Gained mutation: You are resistant to hostile enchantments.
                  | (MR+) [potion of mutation]
 92972 | Pan      | Gained mutation: You have large cloven feet. [potion of
                  | mutation]
 93532 | Pan      | Noticed Laxoot the pandemonium lord
 93533 | Pan      | Gained mutation: Scrolls take you a little longer to read.
                  | [a cacodemon]
 93538 | Pan      | Reached skill level 10 in Spellcasting
 93563 | Pan      | Killed Laxoot the pandemonium lord
 93591 | Depths:1 | Escaped Pandemonium
 93592 | Depths:1 | Lost mutation: You have large cloven feet. [potion of
                  | mutation]
 93592 | Depths:1 | Lost mutation: You are occasionally teleported next to
                  | monsters. [potion of mutation]
 93592 | Depths:1 | Gained mutation: You are frail. (-10% HP) [potion of
                  | mutation]
 93592 | Depths:1 | Gained mutation: You expend magic power (3 MP) to
                  | strengthen your wands. [potion of mutation]
 93592 | Depths:1 | Gained mutation: You are partially covered in yellow
                  | scales. (AC +2) [potion of mutation]
 93593 | Depths:1 | Lost mutation: Scrolls take you a little longer to read.
                  | [potion of mutation]
 93593 | Depths:1 | Lost mutation: You are frail. (-10% HP) [potion of
                  | mutation]
 93593 | Depths:1 | Gained mutation: Your body sometimes deteriorates upon
                  | taking damage. [potion of mutation]
 93593 | Depths:1 | Gained mutation: You are clumsy. (Dex -2) [potion of
                  | mutation]
 93593 | Depths:1 | Gained mutation: You have a pair of small antennae on your
                  | head. [potion of mutation]
 93656 | Hell     | Entered the Vestibule of Hell
 93656 | Hell     | Noticed Geryon
 93681 | Hell     | Killed Geryon
 93777 | Hell     | Found a gateway to the Iron City of Dis.
 93919 | Hell     | Found a gateway to the ashen valley of Gehenna.
 93990 | Hell     | Found a gateway to the decaying netherworld of Tartarus.
 94086 | Hell     | Found a gateway to the freezing wastes of Cocytus.
 94222 | Hell     | Learned a level 6 spell: Iron Shot
 94230 | Hell     | Learned a level 7 spell: Spellforged Servitor
 94257 | Geh:1    | Entered Level 1 of Gehenna
 94304 | Geh:1    | Gained mutation: You occasionally shout uncontrollably at
                  | your foes. [mutagenic glow]
 94315 | Geh:1    | Reached skill level 1 in Conjurations
 94320 | Geh:1    | Reached skill level 1 in Summonings
 94320 | Geh:1    | Reached skill level 1 in Earth Magic
 94381 | Geh:1    | Gained mutation: You tend to lose your temper in combat.
                  | [mutagenic glow]
 95235 | Geh:6    | Reached skill level 5 in Summonings
 95241 | Geh:6    | Reached skill level 5 in Earth Magic
 95275 | Geh:7    | Entered Level 7 of Gehenna
 95281 | Geh:7    | Reached skill level 5 in Conjurations
 95915 | Geh:7    | Lost mutation: You are partially covered in yellow scales.
                  | (AC +2) [potion of mutation]
 95915 | Geh:7    | Lost mutation: You tend to lose your temper in combat.
                  | [potion of mutation]
 95915 | Geh:7    | Gained mutation: Your flesh is heat resistant. (rF+)
                  | [potion of mutation]
 95915 | Geh:7    | Gained mutation: You are highly resistant to hostile
                  | enchantments. (MR++) [potion of mutation]
 96046 | Geh:7    | Gained mutation: You are very clumsy. (Dex -4) [mutagenic
                  | glow]
 96543 | Geh:7    | Identified the +7 sceptre of Asmodeus
 96543 | Geh:7    | Noticed Asmodeus
 96572 | Geh:7    | Killed from afar by a hellion

Levels and vault maps discovered:
D:1:      eino_arrival_druids_welcome, layout_rooms, minmay_misc_feat_diagonals,
          dk_noncrumbling_3
D:2:      lemuel_upstairs_altar, layout_basic
D:3:      layout_rooms, first_ration, lightli_sewer_entry_pipes,
          kennysheep_flooded_box, trog_wizard, uniq_ijyb
D:4:      layout_loops_ring, nicolae_overflow_crystal_walls, serial_shops, shop,
          serial_glass, glass_columns_b, glass_columns_b, glass_columns_c,
          glass_columns_b, glass_columns_a, glass_columns_a, glass_columns_b,
          glass_columns_b, glass_columns_a, glass_columns_a, uniq_sigmund
D:5:      layout_cave_pools, uniq_duvessa
D:6:      layout_loops_cross, serial_shops, nicolae_shop_crystal
D:7:      layout_basic, minmay_temple_entry_slanted
D:8:      layout_loops_ring, nemelex_xobeh_ov_fountains_minmay,
          kennysheep_generic_room_13
D:9:      minmay_bubble_buster, layout_loops_corners,
          gammafunk_temple_overflow_forgotten, old_standard_altar,
          hangedman_ranch [blue_anna_fruit_fields]
D:10:     layout_cave_pools, david_lair_shrubbed,
          gammafunk_ghost_berserking_beasts, nrook_guardian_serpent_ordinary
D:11:     lemuel_ice_statue, layout_stronghold, minmay_misc_feat_hallway
D:12:     minmay_razor_zed, layout_small_grid, david_orc_3, basic_altar
D:13:     layout_cave_pools, grunt_vaults_entry_fortified,
          chequers_serial_rivers_micro_d
D:14:     layout_gridville, hangedman_abyss_or_decor_stagger, nooodl_orcs_dogs
D:15:     grunt_enter_depths_giant_problem, layout_basic, serial_shops,
          nicolae_shop_trees, chequers_serial_rivers_room_a
Lair:1:   layout_regular_city, kennysheep_abandoned_house
Lair:2:   layout_regular_city, infiniplex_staircase_pool, grunt_megastairs_4
Lair:3:   minmay_guarded_unrand_snakebite, layout_gridlike,
          spider_nest_entry_webs
Lair:4:   layout_long_grid, minmay_shoals_entry_centaurs, special_room
          [special_room_mythical_zoo]
Lair:5:   layout_concentric_octagons, dpeg_slime_entry_corner,
          serial_bayou_lagoon_a, minmay_lair_oklob_items
Lair:6:   minmay_lair_end_frog_pond, layout_gridlike, minmay_lindwurm_lava,
          uniq_josephine
Shoals:1: layout_shoals
Shoals:2: layout_shoals, uniq_donald
Shoals:3: cheibrodos_shoals_three_sisters, layout_shoals, serial_shops,
          nicolae_shop_competitors_out_of_business, st_cyclops, uniq_mara,
          uniq_ilsuiw
Shoals:4: shoals_end_grunt_ice, layout_shoals
Spider:1: layout_chambers
Spider:2: layout_spider_delve, nicolae_spider_webs_and_nodes, uniq_arachne,
          uniq_kirke
Spider:3: layout_spider_delve, drop_trap
Spider:4: guppyfry_spider_rune
Slime:1:  layout_caves
Slime:2:  layout_caves
Slime:3:  layout_caves
Slime:4:  layout_caves, cheibrodos_slime_lost_civilization_7
Slime:5
Orc:1:    layout_caves, serial_shops, shop, chequers_guarded_unrand_ignorance
Orc:2:    st_orc_mages, layout_caves, serial_shops, shop, uniq_urug
Elf:1:    minmay_elf_arrival_circle, layout_geoelf_diagonals,
          minmay_elf_demonology, serial_sigils_hangedman_gut, feat_on_display
Elf:2:    layout_geoelf_diagonals, nicolae_elf_stone_circles, minmay_shoptagon,
          uniq_jorgrun, uniq_agnes
Elf:3:    minmay_elf_hall_golems, layout_loops_cross, guppyfry_elf_lava
Vaults:1: st_greater_box_3, nicolae_vaults_stairing_the_circle, v_misc_29,
          dpeg_vaults_monster_box, nicolae_vaults_specimen_jars,
          vaults_mumra_hexcomb, layout_vaults_omnigrid, serial_shops, shop
Vaults:2: nicolae_vaults_big_ls, nicolae_vaults_bisected_slash,
          grunt_vaults_swirl, dpeg_vaults_waves, v_misc_29, v_pattern_4,
          hangedman_vaults_stream, nicolae_vaults_ring_of_whatevers, v_rooms_2,
          vaults_dpeg_spiral, ontoclasm_vaults_twist,
          vaults_room_stairs_pillars, layout_vaults_omnibox
Vaults:3: v_alt_pattern_5, vaults_mumra_minichess_inversion,
          vaults_standard_mumra_enter_the_diamond, nicolae_vaults_angled_halls,
          vaults_room_ringed_pool, nicolae_vaults_sealed_display,
          dpeg_vaults_monster_row, v_alt_pattern_3,
          minmay_crypt_entry_simple_box, nicolae_vaults_asterisk, serial_ice_m,
          v_misc_2, vaults_dpeg_ring, layout_vaults_chaotic_city, uniq_nikola
Vaults:4: v_misc_8, ontoclasm_vaults_decontamination, v_pattern_2,
          nicolae_vaults_network_s, hangedman_vaults_nails, st_octagons_1,
          vaults_mumra_minichess, hangedman_vaults_impose, v_alt_pattern_4,
          vaults_mumra_lcd, ontoclasm_vaults_ligature, ontoclasm_vaults_pinch,
          layout_vaults_ring, serial_shops, shop
Vaults:5: serial_shops, uniq_margery
Crypt:1:  layout_chaotic_city, uniq_mennas, uniq_xtahua
Crypt:2:  layout_basic, nicolae_crypt_soggy_tomb, uniq_khufu
Crypt:3:  grunt_crypt_end_deaths_head
Tomb:1
Tomb:2
Tomb:3
Depths:1: layout_basic, pf_dread_powers_of_hell, pan_entry, enter_trove_0,
          minmay_misc_feat_encased, serial_bayou, serial_bayou_ford_a,
          serial_bayou_pond_a, serial_bayou_lake_a, serial_bayou_pond_d,
          serial_bayou_pond_e, minmay_misc_feat_room, kennysheep_generic_room_11
Depths:2: minmay_the_grid_triangle_9x9_rhombus_thin_mashed
          [minmay_the_grid_triangle_9x9_cache,
          minmay_the_grid_triangle_9x9_prize_insulated,
          minmay_the_grid_triangle_9x9_tough_junction,
          minmay_the_grid_triangle_9x9_negative_grid], layout_cave_pools,
          enter_ziggurat_f, hell_entry, grunt_decor_resistance, tgw_xom,
          infiniplex_staircase_spiral, serial_bayou_shore_a
Depths:3: minmay_box_of_curves, layout_cave_shapes, hell_entry,
          rand_demon_pan_entry_5, laboratory
Depths:4: minmay_quarter_circles, layout_cave_pools,
          abyss_entry_small_statue_room, serial_sigils_hangedman_scratch,
          hangedman_coc_ice_floe, mu_enter_wizlab_3, grunt_ministairs_13
Depths:5: grunt_zot_entry_tricorne, layout_cave_pools, nicolae_water_bricks,
          serial_shops, bzr_entry_islet, hangedman_abyss_entry_splay, hell_entry
Hell
Geh:1:    layout_gehenna_pools_box, grunt_megastairs_5
Geh:2:    layout_gehenna_pools_basic
Geh:3:    layout_gehenna_lava_caves, hangedman_mysterious_dungeon_monster_house
Geh:4:    layout_gehenna_lava_caves
Geh:5:    layout_gehenna_lava_caves
Geh:6:    layout_gehenna_lava_caves
Geh:7:    geh_old
Zot:1:    layout_basic, lemuel_golem_globe
Zot:2:    layout_gridlike, kennysheep_underground_church
Zot:3:    layout_gridville
Zot:4:    layout_basic, grunt_megastairs_2
Zot:5:    layout_onion, grunt_ministairs_14

Skill      XL: |  1  2  3  4  5  6  7  8  9 10 11 12 13 14 15 16 17 18 19 20 21 22 23 24 25 26 27 |
---------------+----------------------------------------------------------------------------------+-----
Axes           | 2 3 4 5 6 9 10 11 12 13 14 15 16 17 18 19 21 | 21.4
Fighting       | 3 4 5 7 9 11 12 13 14 15 16 19 20 21 23 | 23.3
Dodging        | 1 2 3 5 6 7 8 11 14 15 20 | 20.2
Shields        | 6 7 8 10 11 13 14 15 16 20 | 20.7
Armour         | 5 9 10 11 12 13 14 15 16 17 21 | 21.1
Evocations     | 4 5 6 9 11 17 | 17.0
Translocations | 5 7 8 9 10 12 13 | 13.5
Spellcasting   | 5 12 | 12.2
Charms         | 6 12 13 18 | 18.9
Air Magic      | 6 12 13 | 13.4
Necromancy     | 11 | 11.2
Stealth        | 14 | 14.0
Conjurations   | 7 |  7.6
Summonings     | 7 |  7.6
Earth Magic    | 8 |  8.0

Action                   |  1- 3 |  4- 6 |  7- 9 | 10-12 | 13-15 | 16-18 | 19-21 | 22-24 | 25-27 || total
-------------------------+-------+-------+-------+-------+-------+-------+-------+-------+-------++-------
Melee: War axe           |   147 |   342 |   511 |    24 |       |       |       |       |       ||  1024
       Broad axe         |       |       |       |   603 |  1838 |  1786 |  1615 |  1711 |  6644 || 14197
       Peck              |       |       |       |   216 |   570 |   522 |   566 |   683 |  2541 ||  5098
       Flail             |       |       |       |     6 |     3 |       |       |       |       ||     9
       Whip              |       |       |       |       |    24 |       |       |       |       ||    24
       Unarmed           |       |       |       |       |     3 |       |       |       |       ||     3
Throw: Dart              |       |     4 |    10 |    21 |    41 |    11 |     1 |       |       ||    88
 Cast: Apportation       |       |       |       |       |     1 |       |       |     4 |    20 ||    25
       Swiftness         |       |       |       |       |       |       |       |       |     6 ||     6
       Regeneration      |       |       |       |       |       |       |       |       |    91 ||    91
       Song of Slaying   |       |       |       |       |       |       |       |       |    66 ||    66
       Blink             |       |       |       |       |       |       |       |       |    15 ||    15
Evoke: Wand              |       |       |     4 |    21 |    15 |    20 |     6 |     1 |    86 ||   153
       Figurine of a zig |       |       |       |       |       |       |       |       |     1 ||     1
       Phantom mirror    |       |       |       |       |       |       |       |       |     3 ||     3
  Use: Scroll            |     3 |     4 |    10 |     7 |    25 |    15 |    24 |    18 |   103 ||   209
       Potion            |     1 |     2 |    14 |       |     7 |     9 |     8 |     6 |   101 ||   148
 Stab: Sleeping          |       |       |     2 |     1 |       |       |       |       |     8 ||    11
       Distracted        |       |       |       |     1 |     4 |       |     1 |     4 |     5 ||    15
       Petrified         |       |       |       |       |     3 |    17 |       |       |     1 ||    21
       Invisible         |       |       |       |       |       |     1 |       |     6 |     9 ||    16
       Paralysed         |       |       |       |       |       |       |       |       |     3 ||     3
  Eat: Chunk             |     4 |     2 |    11 |    17 |    31 |    13 |    22 |     8 |     5 ||   113
       Ration            |       |     2 |     3 |     1 |     7 |     6 |     3 |     8 |    37 ||    67
Armor: Scale mail        |    71 |   106 |   106 |       |       |       |       |       |       ||   283
       Leather armour    |       |       |    19 |    36 |       |       |       |       |       ||    55
       Plate armour      |       |       |       |   244 |   724 |   791 |   233 |   278 |   353 ||  2623
       Skin              |       |       |       |       |     2 |       |       |       |       ||     2
       Fire dragon scale |       |       |       |       |       |       |       |       |   560 ||   560
Dodge: Dodged            |    55 |   129 |   274 |   264 |   678 |   659 |   282 |   470 |  1498 ||  4309
Block: Shield            |    80 |   201 |   335 |   481 |    25 |       |       |       |       ||  1122
       Large shield      |       |       |       |       |  2117 |  2874 |  1782 |  1992 |  6748 || 15513
       Buckler           |       |       |       |       |   293 |   119 |       |       |       ||   412
       Reflection        |       |       |       |       |    19 |   148 |   201 |    94 |   131 ||   593
       Other             |       |       |       |       |     3 |       |       |       |       ||     3

Table legend:
 A = Non-vault XP
 B = Vault XP
 C = Vault XP percentage of total XP
 D = Non-vault monster count
 E = Vault monster count
 F = Vault count percentage of total count
                 A         B        C        D         E       F
            +---------+---------+-------+---------+---------+-------
      Total | 1794006 | 1579835 |  46.8 |    2811 |    1503 |  34.8
            +---------+---------+-------+---------+---------+-------
        D:1 |      37 |       0 |   0.0 |      23 |       0 |   0.0
        D:2 |      50 |       0 |   0.0 |      14 |       0 |   0.0
        D:3 |      58 |     120 |  67.4 |      18 |      11 |  37.9
        D:4 |    1104 |     212 |  16.1 |      29 |       1 |   3.3
        D:5 |     567 |     216 |  27.6 |      28 |       2 |   6.7
        D:6 |    1083 |       0 |   0.0 |      18 |       0 |   0.0
        D:7 |     893 |       0 |   0.0 |      22 |       0 |   0.0
        D:8 |    1991 |     163 |   7.6 |      35 |       2 |   5.4
        D:9 |     941 |    4347 |  82.2 |      17 |      19 |  52.8
       D:10 |    3960 |     797 |  16.8 |      19 |       2 |   9.5
       D:11 |    5909 |       0 |   0.0 |      39 |       0 |   0.0
       D:12 |   11417 |    4310 |  27.4 |      50 |      18 |  26.5
       D:13 |    2542 |    5339 |  67.7 |      14 |       7 |  33.3
       D:14 |   10964 |    1701 |  13.4 |      43 |      12 |  21.8
       D:15 |    5052 |    1719 |  25.4 |      16 |       1 |   5.9
     Lair:1 |    2426 |     367 |  13.1 |      13 |      15 |  53.6
     Lair:2 |    2598 |     107 |   4.0 |      11 |       1 |   8.3
     Lair:3 |    3993 |    1185 |  22.9 |      16 |      10 |  38.5
     Lair:4 |    3106 |    3653 |  54.0 |      12 |      14 |  53.8
     Lair:5 |   12117 |     550 |   4.3 |      30 |       1 |   3.2
     Lair:6 |    5769 |   16338 |  73.9 |      22 |      57 |  72.2
   Shoals:1 |   21446 |       0 |   0.0 |      40 |       0 |   0.0
   Shoals:2 |    9378 |    1978 |  17.4 |      23 |       1 |   4.2
   Shoals:3 |   12339 |   14601 |  54.2 |      27 |      24 |  47.1
   Shoals:4 |   14133 |   22076 |  61.0 |      27 |      31 |  53.4
   Spider:1 |   13582 |       0 |   0.0 |      46 |       0 |   0.0
   Spider:2 |   23021 |    5557 |  19.4 |      53 |       2 |   3.6
   Spider:3 |   11684 |       0 |   0.0 |      29 |       0 |   0.0
   Spider:4 |   13755 |   24207 |  63.8 |      41 |      37 |  47.4
    Slime:1 |    8548 |       0 |   0.0 |      14 |       0 |   0.0
    Slime:2 |   11224 |       0 |   0.0 |      29 |       0 |   0.0
    Slime:3 |   12892 |       0 |   0.0 |      21 |       0 |   0.0
    Slime:4 |   24444 |     773 |   3.1 |      32 |       2 |   5.9
    Slime:5 |    5208 |   28654 |  84.6 |      20 |      14 |  41.2
      Orc:1 |    4735 |     222 |   4.5 |      27 |       3 |  10.0
      Orc:2 |    1140 |    6300 |  84.7 |       6 |      37 |  86.0
      Elf:1 |   11574 |    6473 |  35.9 |      18 |      10 |  35.7
      Elf:2 |   26421 |   25842 |  49.4 |      41 |      28 |  40.6
      Elf:3 |   24141 |   56265 |  70.0 |      39 |      43 |  52.4
   Vaults:1 |   42298 |   42902 |  50.4 |      61 |      50 |  45.0
   Vaults:2 |   24205 |   44192 |  64.6 |      55 |      56 |  50.5
   Vaults:3 |   17499 |   25581 |  59.4 |      28 |      37 |  56.9
   Vaults:4 |   21744 |   51233 |  70.2 |      31 |      51 |  62.2
   Vaults:5 |   40600 |  135469 |  76.9 |      48 |      88 |  64.7
    Crypt:1 |   35424 |   13477 |  27.6 |      56 |       2 |   3.4
    Crypt:2 |   19992 |   22449 |  52.9 |      26 |       8 |  23.5
    Crypt:3 |       0 |   79355 | 100.0 |       0 |     129 | 100.0
     Tomb:1 |    6895 |  116988 |  94.4 |      26 |      51 |  66.2
     Tomb:2 |    6117 |   30442 |  83.3 |      13 |      31 |  70.5
     Tomb:3 |   10367 |  150098 |  93.5 |      19 |     125 |  86.8
   Depths:1 |   14654 |     100 |   0.7 |      24 |       2 |   7.7
   Depths:2 |   40556 |   33783 |  45.4 |      63 |      24 |  27.6
   Depths:3 |   36929 |   30932 |  45.6 |      40 |      26 |  39.4
   Depths:4 |   47551 |   43739 |  47.9 |      30 |      33 |  52.4
   Depths:5 |   36563 |   20427 |  35.8 |      46 |      15 |  24.6
       Hell |   18763 |   20280 |  51.9 |      33 |      30 |  47.6
      Geh:1 |   21704 |    1166 |   5.1 |      46 |       2 |   4.2
      Geh:2 |    7304 |       0 |   0.0 |      27 |       0 |   0.0
      Geh:3 |       0 |    9377 | 100.0 |       0 |      17 | 100.0
      Geh:4 |   12798 |       0 |   0.0 |      21 |       0 |   0.0
      Geh:5 |   15064 |       0 |   0.0 |      29 |       0 |   0.0
      Geh:6 |    4162 |       0 |   0.0 |       7 |       0 |   0.0
      Geh:7 |   54698 |   36676 |  40.1 |     105 |      41 |  28.1
      Zot:1 |   59775 |    6283 |   9.5 |      33 |       2 |   5.7
      Zot:2 |   76434 |    7682 |   9.1 |      42 |       6 |  12.5
      Zot:3 |   68345 |       0 |   0.0 |      31 |       0 |   0.0
      Zot:4 |   51304 |   10071 |  16.4 |      34 |       3 |   8.1
      Zot:5 |   36730 |  185405 |  83.5 |      11 |      49 |  81.7
    Abyss:2 |   10203 |       0 |   0.0 |      20 |       0 |   0.0
    Abyss:3 |    1755 |       0 |   0.0 |       1 |       0 |   0.0
    Abyss:4 |  219600 |   17607 |   7.4 |     379 |      15 |   3.8
    Abyss:5 |   16701 |       0 |   0.0 |      25 |       0 |   0.0
        Pan |  170666 |  177197 |  50.9 |     164 |     121 |  42.5
      Zig:1 |    3403 |       0 |   0.0 |       3 |       0 |   0.0
      Zig:2 |    5457 |       0 |   0.0 |       4 |       0 |   0.0
      Zig:3 |    9649 |       0 |   0.0 |       9 |       0 |   0.0
      Zig:4 |   13708 |       0 |   0.0 |      10 |       0 |   0.0
      Zig:5 |   20385 |       0 |   0.0 |      13 |       0 |   0.0
      Zig:6 |    7693 |       0 |   0.0 |      15 |       0 |   0.0
      Zig:7 |   14575 |       0 |   0.0 |      24 |       0 |   0.0
      Zig:8 |   23772 |       0 |   0.0 |      26 |       0 |   0.0
      Zig:9 |   42242 |       0 |   0.0 |      22 |       0 |   0.0
     Zig:10 |   32069 |       0 |   0.0 |      28 |       0 |   0.0
     Zig:11 |   23095 |       0 |   0.0 |      44 |       0 |   0.0
     Zig:12 |   24316 |       0 |   0.0 |      17 |       0 |   0.0
      Sewer |       0 |     425 | 100.0 |       0 |      48 | 100.0
     WizLab |       0 |   32427 | 100.0 |       0 |      36 | 100.0
            +---------+---------+-------+---------+---------+-------
